Workbook
Name County: Counties!$B$3:$B$366
Name Date: '[1]Project Information'!$E$5
Name Date: 'Project Information'!#REF!
Name Effective_Date: '[1]USDA Income Limits'!$C$3:$C$30
Name Effective_Date_Year: '[1]USDA Income Limits'!$B$3:$B$30
Name IncomeLimits: Counties!$C$2:$AZ$402
Name USDA_Counties: '[1]USDA Income Limits'!$E$3:$E$366
Name Year: Counties!$C$2:$AZ$2

Sheet Project Information
A1: FHLBank Topeka -- Affordable Housing Program
A2: Project Information Worksheet
A3: Effective Date: 04/21/2026
A4: =IF(OR(B5="",B6="",B7="",B8="",B9=""),"All information on this page must be completed before moving on.","") -> All information on this page must be completed before moving on.
A5: Project Name:
A6: Project County: | H6: =C12/F15 -> #DIV/0! | I6: AVG SIZE PER UNIT (SQ FT)
A7: Project State: | B7: =IF(B6="","",IF(B6="Other County/State","Other",IF(OR((MID(B6,FIND(",",B6)+2,256)="Kansas"),(MID(B6,FIND(",",B6)+2,256)="Colorado"),(MID(B6,FIND(",",B6)+2,256)="Oklahoma"),(MID(B6,FIND(",",B6)+2,256)="Nebraska")),MID(B6,FIND(",",B6)+2,256),"Other"))) | H7: =IF(C14="",0,C14) -> 0 | I7: NON-RESIDENTIAL SQ FT
A8: Project Type: | D8: =IF(B8="Other","Clarify Project Type in explanation box below.","") | H8: =C14/C15 -> #DIV/0! | I8: NON-RESIDENTIAL % OF SQ FT
A9: Construction Type: | H9: =(C13/(C12+C13)) -> #DIV/0! | I9: % SQ FT COMMUNITY AND AMENITIES
H10: =F15 -> 0 | I10: # OF UNITS
B11: Project Characteristics | H11: =F13 -> 0 | I11: # OF REHAB UNITS
B12: Residential Bldg Floor Area (Sq Ft.) | D12: # of Acquisition Only Units | H12: =F14 -> 0 | I12: # OF NEW CONST UNITS
B13: Gross Floor Area of Community and Amenities (Sq Ft.) | D13: # of Rehab Units | H13: =F12 -> 0 | I13: # OF ACQ ONLY UNITS
B14: Non-Residential Bldg Floor Area (Sq Ft.) | D14: # of New Const Units | H14: =IF(C19="Yes","Y",IF(C19="No","N","")) | I14: ELEVATOR
B15: Gross Floor Area of All Buildings (Sq Ft.) | C15: =C12+C13+C14 -> 0 | D15: Total Number of Units | F15: =F12+F13+F14 -> 0
B17: Total Number of Buildings | D17: SRO Unit Floor Area (Sq Ft.)
B18: Size of Project Site in Acres | D18: 1 Bed Unit Floor Area (Sq Ft.)
B19: Elevator? | D19: 2 Bed Unit Floor Area (Sq Ft.)
B20: Will Davis Bacon Wages be used? | D20: 3 Bed Unit Floor Area (Sq Ft.)
B22: Explanation: In the box below enter any further explanations for this page.

Sheet Development Budget Worksheet
A1: FHLBank Topeka - - Affordable Housing Program
A2: Development Budget Worksheet
A4: Does the Project include non-residential space?
C6: Total Budget Amount | D6: Non- Residential | E6: Residential | H6: Non-Residential Sq Ft Calculations | J6: Download Tab Figures
A7: Land and Buildings
A8: Land Acquisition | D8: =IF($C$4="Yes", IF(C8="", "", H8), "") | E8: =IF(D8="", C8, IFERROR(C8-D8, 0)) -> 0 | H8: =IF($C$4="No",0,IF('Project Information'!$C$15=0,0,(C8)*'Project Information'!$H$8)) -> 0
A9: Building Acquisition | D9: =IF($C$4="Yes", IF(C9="", "", H9), "") | E9: =IF(D9="", C9, IFERROR(C9-D9, 0)) -> 0 | H9: =IF($C$4="No",0,IF('Project Information'!$C$15=0,0,(C9)*'Project Information'!$H$8)) -> 0
A10: Closing Costs | D10: =IF($C$4="Yes", IF(C10="", "", H10), "") | E10: =IF(D10="", C10, IFERROR(C10-D10, 0)) -> 0 | H10: =IF($C$4="No",0,IF('Project Information'!$C$15=0,0,(C10)*'Project Information'!$H$8)) -> 0
A11: Legal Fees | D11: =IF($C$4="Yes", IF(C11="", "", H11), "") | E11: =IF(D11="", C11, IFERROR(C11-D11, 0)) -> 0 | H11: =IF($C$4="No",0,IF('Project Information'!$C$15=0,0,(C11)*'Project Information'!$H$8)) -> 0
A12: Title, Recording and Escrow Fees | D12: =IF($C$4="Yes", IF(C12="", "", H12), "") | E12: =IF(D12="", C12, IFERROR(C12-D12, 0)) -> 0 | H12: =IF($C$4="No",0,IF('Project Information'!$C$15=0,0,(C12)*'Project Information'!$H$8)) -> 0 | J12: =C10+C11+C12+C13 -> 0 | K12: CARRYING COSTS
A13: Other: (specify) | D13: =IF($C$4="Yes", IF(C13="", "", H13), "") | E13: =IF(D13="", C13, IFERROR(C13-D13, 0)) -> 0 | H13: =IF($C$4="No",0,IF('Project Information'!$C$15=0,0,(C13)*'Project Information'!$H$8)) -> 0
A14: Subtotal | C14: =SUM(C8:C13) -> 0 | D14: =SUM(D8:D13) -> 0 | E14: =C14-D14 -> 0 | H14: =SUM(H8:H13) -> 0 | J14: =(C14+C65)/'Project Information'!F15 -> #DIV/0! | K14: ACQUISITION COST PER UNIT
A16: Land Improvements
A17: Earthwork - Site Grading, Clearing | D17: =IF($C$4="Yes", IF(C17="", "", H17), "") | E17: =IF(D17="", C17, IFERROR(C17-D17, 0)) -> 0 | H17: =IF($C$4="No",0,IF('Project Information'!$C$15=0,0,(C17)*'Project Information'!$H$8)) -> 0
A18: Demolition | D18: =IF($C$4="Yes", IF(C18="", "", H18), "") | E18: =IF(D18="", C18, IFERROR(C18-D18, 0)) -> 0 | H18: =IF($C$4="No",0,IF('Project Information'!$C$15=0,0,(C18)*'Project Information'!$H$8)) -> 0
A19: Off-Site Improvements | D19: =IF($C$4="Yes", IF(C19="", "", H19), "") | E19: =IF(D19="", C19, IFERROR(C19-D19, 0)) -> 0 | H19: =IF($C$4="No",0,IF('Project Information'!$C$15=0,0,(C19)*'Project Information'!$H$8)) -> 0
A20: Site Environmental | D20: =IF($C$4="Yes", IF(C20="", "", H20), "") | E20: =IF(D20="", C20, IFERROR(C20-D20, 0)) -> 0 | H20: =IF($C$4="No",0,IF('Project Information'!$C$15=0,0,(C20)*'Project Information'!$H$8)) -> 0
A21: Site Utilities | D21: =IF($C$4="Yes", IF(C21="", "", H21), "") | E21: =IF(D21="", C21, IFERROR(C21-D21, 0)) -> 0 | H21: =IF($C$4="No",0,IF('Project Information'!$C$15=0,0,(C21)*'Project Information'!$H$8)) -> 0
A22: Roads and Walks | D22: =IF($C$4="Yes", IF(C22="", "", H22), "") | E22: =IF(D22="", C22, IFERROR(C22-D22, 0)) -> 0 | H22: =IF($C$4="No",0,IF('Project Information'!$C$15=0,0,(C22)*'Project Information'!$H$8)) -> 0
A23: Site Improvements | D23: =IF($C$4="Yes", IF(C23="", "", H23), "") | E23: =IF(D23="", C23, IFERROR(C23-D23, 0)) -> 0 | H23: =IF($C$4="No",0,IF('Project Information'!$C$15=0,0,(C23)*'Project Information'!$H$8)) -> 0
A24: Lawns and Planting | D24: =IF($C$4="Yes", IF(C24="", "", H24), "") | E24: =IF(D24="", C24, IFERROR(C24-D24, 0)) -> 0 | H24: =IF($C$4="No",0,IF('Project Information'!$C$15=0,0,(C24)*'Project Information'!$H$8)) -> 0
A25: Unusual Site Conditions | D25: =IF($C$4="Yes", IF(C25="", "", H25), "") | E25: =IF(D25="", C25, IFERROR(C25-D25, 0)) -> 0 | H25: =IF($C$4="No",0,IF('Project Information'!$C$15=0,0,(C25)*'Project Information'!$H$8)) -> 0
A26: Other: (specify) | D26: =IF($C$4="Yes", IF(C26="", "", H26), "") | E26: =IF(D26="", C26, IFERROR(C26-D26, 0)) -> 0 | H26: =IF($C$4="No",0,IF('Project Information'!$C$15=0,0,(C26)*'Project Information'!$H$8)) -> 0
A27: Subtotal | C27: =SUM(C17:C26) -> 0 | D27: =SUM(D17:D26) -> 0 | E27: =C27-D27 -> 0 | H27: =SUM(H17:H26) -> 0 | J27: =J28+J29 -> #DIV/0! | K27: Total Hard Construction Costs
A28: =IF(AND(A134="New Construction",C27=0),"Land Improvement costs must be reported separately from New Construction Costs.","") | J28: =C30+(C30/(C30+C31))*(C27+C32+C33+C34+C35+C39+C41) -> #DIV/0! | K28: NEW CONSTRUCTION HARD COSTS
A29: Construction and Rehabilitation | J29: =C31+(C31/(C31+C30))*(C27+C32+C33+C34+C35+C39+C41) -> #DIV/0! | K29: HARD REHAB COSTS
A30: New Construction Costs | D30: =IF($C$4="Yes", IF(C30="", "", H30), "") | E30: =IF(D30="", C30, IFERROR(C30-D30, 0)) -> 0 | H30: =IF($C$4="No",0,IF('Project Information'!$C$15=0,0,(C30)*'Project Information'!$H$8)) -> 0
A31: Rehabilitation Costs | D31: =IF($C$4="Yes", IF(C31="", "", H31), "") | E31: =IF(D31="", C31, IFERROR(C31-D31, 0)) -> 0 | H31: =IF($C$4="No",0,IF('Project Information'!$C$15=0,0,(C31)*'Project Information'!$H$8)) -> 0
A32: Building Hazardous Material Remediation | D32: =IF($C$4="Yes", IF(C32="", "", H32), "") | E32: =IF(D32="", C32, IFERROR(C32-D32, 0)) -> 0 | H32: =IF($C$4="No",0,IF('Project Information'!$C$15=0,0,(C32)*'Project Information'!$H$8)) -> 0
A33: General Requirements | D33: =IF($C$4="Yes", IF(C33="", "", H33), "") | E33: =IF(D33="", C33, IFERROR(C33-D33, 0)) -> 0 | H33: =IF($C$4="No",0,IF('Project Information'!$C$15=0,0,(C33)*'Project Information'!$H$8)) -> 0 | J33: =C33/(C30+C31+C32+C27) -> #DIV/0! | K33: GENERAL REQUIREMENTS %
A34: General Contractor Overhead | D34: =IF($C$4="Yes", IF(C34="", "", H34), "") | E34: =IF(D34="", C34, IFERROR(C34-D34, 0)) -> 0 | H34: =IF($C$4="No",0,IF('Project Information'!$C$15=0,0,(C34)*'Project Information'!$H$8)) -> 0 | J34: =C34/(C27+C30+C31+C32) -> #DIV/0! | K34: CONTRACTOR OH %
A35: General Contractor Profit | D35: =IF($C$4="Yes", IF(C35="", "", H35), "") | E35: =IF(D35="", C35, IFERROR(C35-D35, 0)) -> 0 | H35: =IF($C$4="No",0,IF('Project Information'!$C$15=0,0,(C35)*'Project Information'!$H$8)) -> 0 | J35: =C35/(C27+C30+C31+C32) -> #DIV/0! | K35: CONTRACTOR PROFIT %
A36: Construction Contingency | D36: =IF($C$4="Yes", IF(C36="", "", H36), "") | E36: =IF(D36="", C36, IFERROR(C36-D36, 0)) -> 0 | H36: =IF($C$4="No",0,IF('Project Information'!$C$15=0,0,(C36)*'Project Information'!$H$8)) -> 0
A37: Local Permit Fees (Contractor Paid) | D37: =IF($C$4="Yes", IF(C37="", "", H37), "") | E37: =IF(D37="", C37, IFERROR(C37-D37, 0)) -> 0 | H37: =IF($C$4="No",0,IF('Project Information'!$C$15=0,0,(C37)*'Project Information'!$H$8)) -> 0
A38: Tap Permit Fees (Contractor Paid) | D38: =IF($C$4="Yes", IF(C38="", "", H38), "") | E38: =IF(D38="", C38, IFERROR(C38-D38, 0)) -> 0 | H38: =IF($C$4="No",0,IF('Project Information'!$C$15=0,0,(C38)*'Project Information'!$H$8)) -> 0
A39: Furniture, Fixtures, and Equipment (FF&E) (Contractor Paid) | D39: =IF($C$4="Yes", IF(C39="", "", H39), "") | E39: =IF(D39="", C39, IFERROR(C39-D39, 0)) -> 0 | H39: =IF($C$4="No",0,IF('Project Information'!$C$15=0,0,(C39)*'Project Information'!$H$8)) -> 0
A40: Other: (specify) (Contractor Paid) | D40: =IF($C$4="Yes", IF(C40="", "", H40), "") | E40: =IF(D40="", C40, IFERROR(C40-D40, 0)) -> 0 | H40: =IF($C$4="No",0,IF('Project Information'!$C$15=0,0,(C40)*'Project Information'!$H$8)) -> 0
A41: Non-Contractor Paid Permit Fees, FF&E, and Other: (specify) | D41: =IF($C$4="Yes", IF(C41="", "", H41), "") | E41: =IF(D41="", C41, IFERROR(C41-D41, 0)) -> 0 | H41: =IF($C$4="No",0,IF('Project Information'!$C$15=0,0,(C41)*'Project Information'!$H$8)) -> 0
A42: Subtotal | C42: =SUM(C30:C41) -> 0 | D42: =SUM(D30:D41) -> 0 | E42: =C42-D42 -> 0 | H42: =SUM(H30:H41) -> 0
A44: Professional Fees
A45: Architect Fees | D45: =IF($C$4="Yes", IF(C45="", "", H45), "") | E45: =IF(D45="", C45, IFERROR(C45-D45, 0)) -> 0 | H45: =IF($C$4="No",0,IF('Project Information'!$C$15=0,0,(C45)*'Project Information'!$H$8)) -> 0
A46: Environmental | D46: =IF($C$4="Yes", IF(C46="", "", H46), "") | E46: =IF(D46="", C46, IFERROR(C46-D46, 0)) -> 0 | H46: =IF($C$4="No",0,IF('Project Information'!$C$15=0,0,(C46)*'Project Information'!$H$8)) -> 0
A47: Legal Fees - Eligible | D47: =IF($C$4="Yes", IF(C47="", "", H47), "") | E47: =IF(D47="", C47, IFERROR(C47-D47, 0)) -> 0 | H47: =IF($C$4="No",0,IF('Project Information'!$C$15=0,0,(C47)*'Project Information'!$H$8)) -> 0
A48: Legal Fees - Ineligible | D48: =IF($C$4="Yes", IF(C48="", "", H48), "") | E48: =IF(D48="", C48, IFERROR(C48-D48, 0)) -> 0 | H48: =IF($C$4="No",0,IF('Project Information'!$C$15=0,0,(C48)*'Project Information'!$H$8)) -> 0
A49: Historic Consultant Fee | D49: =IF($C$4="Yes", IF(C49="", "", H49), "") | E49: =IF(D49="", C49, IFERROR(C49-D49, 0)) -> 0 | H49: =IF($C$4="No",0,IF('Project Information'!$C$15=0,0,(C49)*'Project Information'!$H$8)) -> 0
A50: Engineering | D50: =IF($C$4="Yes", IF(C50="", "", H50), "") | E50: =IF(D50="", C50, IFERROR(C50-D50, 0)) -> 0 | H50: =IF($C$4="No",0,IF('Project Information'!$C$15=0,0,(C50)*'Project Information'!$H$8)) -> 0
A51: Surveying | D51: =IF($C$4="Yes", IF(C51="", "", H51), "") | E51: =IF(D51="", C51, IFERROR(C51-D51, 0)) -> 0 | H51: =IF($C$4="No",0,IF('Project Information'!$C$15=0,0,(C51)*'Project Information'!$H$8)) -> 0
A52: Other: (specify) | D52: =IF($C$4="Yes", IF(C52="", "", H52), "") | E52: =IF(D52="", C52, IFERROR(C52-D52, 0)) -> 0 | H52: =IF($C$4="No",0,IF('Project Information'!$C$15=0,0,(C52)*'Project Information'!$H$8)) -> 0
A53: Subtotal | C53: =SUM(C45:C52) -> 0 | D53: =SUM(D45:D52) -> 0 | E53: =C53-D53 -> 0 | H53: =SUM(H45:H52) -> 0
A55: Construction Interim Costs
A56: Hazard/Risk/Liability Insurance | D56: =IF($C$4="Yes", IF(C56="", "", H56), "") | E56: =IF(D56="", C56, IFERROR(C56-D56, 0)) -> 0 | H56: =IF($C$4="No",0,IF('Project Information'!$C$15=0,0,(C56)*'Project Information'!$H$8)) -> 0
A57: Construction Bond Premium | D57: =IF($C$4="Yes", IF(C57="", "", H57), "") | E57: =IF(D57="", C57, IFERROR(C57-D57, 0)) -> 0 | H57: =IF($C$4="No",0,IF('Project Information'!$C$15=0,0,(C57)*'Project Information'!$H$8)) -> 0 | J57: =C56+C67 -> 0 | K57: Construction Taxes and Ins
A58: Performance Bond | D58: =IF($C$4="Yes", IF(C58="", "", H58), "") | E58: =IF(D58="", C58, IFERROR(C58-D58, 0)) -> 0 | H58: =IF($C$4="No",0,IF('Project Information'!$C$15=0,0,(C58)*'Project Information'!$H$8)) -> 0 | J58: =C60+C61+C62+C63+C64+C65+C66 -> 0 | K58: Construction Finance Fees
A59: Credit Report | D59: =IF($C$4="Yes", IF(C59="", "", H59), "") | E59: =IF(D59="", C59, IFERROR(C59-D59, 0)) -> 0 | H59: =IF($C$4="No",0,IF('Project Information'!$C$15=0,0,(C59)*'Project Information'!$H$8)) -> 0
A60: Construction Loan Interest | D60: =IF($C$4="Yes", IF(C60="", "", H60), "") | E60: =IF(D60="", C60, IFERROR(C60-D60, 0)) -> 0 | H60: =IF($C$4="No",0,IF('Project Information'!$C$15=0,0,(C60)*'Project Information'!$H$8)) -> 0
A61: Construction Loan Origination Fees | D61: =IF($C$4="Yes", IF(C61="", "", H61), "") | E61: =IF(D61="", C61, IFERROR(C61-D61, 0)) -> 0 | H61: =IF($C$4="No",0,IF('Project Information'!$C$15=0,0,(C61)*'Project Information'!$H$8)) -> 0
A62: Discount Points | D62: =IF($C$4="Yes", IF(C62="", "", H62), "") | E62: =IF(D62="", C62, IFERROR(C62-D62, 0)) -> 0 | H62: =IF($C$4="No",0,IF('Project Information'!$C$15=0,0,(C62)*'Project Information'!$H$8)) -> 0
A63: Credit Enhancement Fee | D63: =IF($C$4="Yes", IF(C63="", "", H63), "") | E63: =IF(D63="", C63, IFERROR(C63-D63, 0)) -> 0 | H63: =IF($C$4="No",0,IF('Project Information'!$C$15=0,0,(C63)*'Project Information'!$H$8)) -> 0
A64: Inspection Fees | D64: =IF($C$4="Yes", IF(C64="", "", H64), "") | E64: =IF(D64="", C64, IFERROR(C64-D64, 0)) -> 0 | H64: =IF($C$4="No",0,IF('Project Information'!$C$15=0,0,(C64)*'Project Information'!$H$8)) -> 0
A65: Title, Recording and Escrow Fees | D65: =IF($C$4="Yes", IF(C65="", "", H65), "") | E65: =IF(D65="", C65, IFERROR(C65-D65, 0)) -> 0 | H65: =IF($C$4="No",0,IF('Project Information'!$C$15=0,0,(C65)*'Project Information'!$H$8)) -> 0
A66: Security | D66: =IF($C$4="Yes", IF(C66="", "", H66), "") | E66: =IF(D66="", C66, IFERROR(C66-D66, 0)) -> 0 | H66: =IF($C$4="No",0,IF('Project Information'!$C$15=0,0,(C66)*'Project Information'!$H$8)) -> 0
A67: Real Estate Taxes | D67: =IF($C$4="Yes", IF(C67="", "", H67), "") | E67: =IF(D67="", C67, IFERROR(C67-D67, 0)) -> 0 | H67: =IF($C$4="No",0,IF('Project Information'!$C$15=0,0,(C67)*'Project Information'!$H$8)) -> 0
A68: Other: (specify) | D68: =IF($C$4="Yes", IF(C68="", "", H68), "") | E68: =IF(D68="", C68, IFERROR(C68-D68, 0)) -> 0 | H68: =IF($C$4="No",0,IF('Project Information'!$C$15=0,0,(C68)*'Project Information'!$H$8)) -> 0
A69: Subtotal | C69: =SUM(C56:C68) -> 0 | D69: =SUM(D56:D68) -> 0 | E69: =C69-D69 -> 0 | H69: =SUM(H56:H68) -> 0
A71: Permanent Financing
A72: Bond Premium | D72: =IF($C$4="Yes", IF(C72="", "", H72), "") | E72: =IF(D72="", C72, IFERROR(C72-D72, 0)) -> 0 | H72: =IF($C$4="No",0,IF('Project Information'!$C$15=0,0,(C72)*'Project Information'!$H$8)) -> 0 | J72: =C81 -> 0 | K72: PERMANENT FINANCE FEES
A73: Bond Issue Reserve/Bond Issuance | D73: =IF($C$4="Yes", IF(C73="", "", H73), "") | E73: =IF(D73="", C73, IFERROR(C73-D73, 0)) -> 0 | H73: =IF($C$4="No",0,IF('Project Information'!$C$15=0,0,(C73)*'Project Information'!$H$8)) -> 0
A74: Credit Report | D74: =IF($C$4="Yes", IF(C74="", "", H74), "") | E74: =IF(D74="", C74, IFERROR(C74-D74, 0)) -> 0 | H74: =IF($C$4="No",0,IF('Project Information'!$C$15=0,0,(C74)*'Project Information'!$H$8)) -> 0
A75: Discount Points | D75: =IF($C$4="Yes", IF(C75="", "", H75), "") | E75: =IF(D75="", C75, IFERROR(C75-D75, 0)) -> 0 | H75: =IF($C$4="No",0,IF('Project Information'!$C$15=0,0,(C75)*'Project Information'!$H$8)) -> 0
A76: Permanent Loan Origination Fees | D76: =IF($C$4="Yes", IF(C76="", "", H76), "") | E76: =IF(D76="", C76, IFERROR(C76-D76, 0)) -> 0 | H76: =IF($C$4="No",0,IF('Project Information'!$C$15=0,0,(C76)*'Project Information'!$H$8)) -> 0
A77: Permanent Loan Credit Enhancement | D77: =IF($C$4="Yes", IF(C77="", "", H77), "") | E77: =IF(D77="", C77, IFERROR(C77-D77, 0)) -> 0 | H77: =IF($C$4="No",0,IF('Project Information'!$C$15=0,0,(C77)*'Project Information'!$H$8)) -> 0
A78: Title, Recording and Escrow Fees | D78: =IF($C$4="Yes", IF(C78="", "", H78), "") | E78: =IF(D78="", C78, IFERROR(C78-D78, 0)) -> 0 | H78: =IF($C$4="No",0,IF('Project Information'!$C$15=0,0,(C78)*'Project Information'!$H$8)) -> 0
A79: Prepaid Mortgage Insurance Premium | D79: =IF($C$4="Yes", IF(C79="", "", H79), "") | E79: =IF(D79="", C79, IFERROR(C79-D79, 0)) -> 0 | H79: =IF($C$4="No",0,IF('Project Information'!$C$15=0,0,(C79)*'Project Information'!$H$8)) -> 0
A80: Other: (specify) | D80: =IF($C$4="Yes", IF(C80="", "", H80), "") | E80: =IF(D80="", C80, IFERROR(C80-D80, 0)) -> 0 | H80: =IF($C$4="No",0,IF('Project Information'!$C$15=0,0,(C80)*'Project Information'!$H$8)) -> 0
A81: Subtotal | C81: =SUM(C72:C80) -> 0 | D81: =SUM(D72:D80) -> 0 | E81: =C81-D81 -> 0 | H81: =SUM(H72:H80) -> 0
A83: Soft Costs
A84: Market/Feasibility Study | D84: =IF($C$4="Yes", IF(C84="", "", H84), "") | E84: =IF(D84="", C84, IFERROR(C84-D84, 0)) -> 0 | H84: =IF($C$4="No",0,IF('Project Information'!$C$15=0,0,(C84)*'Project Information'!$H$8)) -> 0
A85: Environmental Study | D85: =IF($C$4="Yes", IF(C85="", "", H85), "") | E85: =IF(D85="", C85, IFERROR(C85-D85, 0)) -> 0 | H85: =IF($C$4="No",0,IF('Project Information'!$C$15=0,0,(C85)*'Project Information'!$H$8)) -> 0 | J85: =C94+C102 -> 0 | K85: OTHER FINANCING FEES AND EXPENSES
A86: Tax Credit Fees | D86: =IF($C$4="Yes", IF(C86="", "", H86), "") | E86: =IF(D86="", C86, IFERROR(C86-D86, 0)) -> 0 | H86: =IF($C$4="No",0,IF('Project Information'!$C$15=0,0,(C86)*'Project Information'!$H$8)) -> 0
A87: Compliance Fees | D87: =IF($C$4="Yes", IF(C87="", "", H87), "") | E87: =IF(D87="", C87, IFERROR(C87-D87, 0)) -> 0 | H87: =IF($C$4="No",0,IF('Project Information'!$C$15=0,0,(C87)*'Project Information'!$H$8)) -> 0
A88: Cost Certification | D88: =IF($C$4="Yes", IF(C88="", "", H88), "") | E88: =IF(D88="", C88, IFERROR(C88-D88, 0)) -> 0 | H88: =IF($C$4="No",0,IF('Project Information'!$C$15=0,0,(C88)*'Project Information'!$H$8)) -> 0
A89: Contingency Soft Costs | D89: =IF($C$4="Yes", IF(C89="", "", H89), "") | E89: =IF(D89="", C89, IFERROR(C89-D89, 0)) -> 0 | H89: =IF($C$4="No",0,IF('Project Information'!$C$15=0,0,(C89)*'Project Information'!$H$8)) -> 0
A90: Appraisal | D90: =IF($C$4="Yes", IF(C90="", "", H90), "") | E90: =IF(D90="", C90, IFERROR(C90-D90, 0)) -> 0 | H90: =IF($C$4="No",0,IF('Project Information'!$C$15=0,0,(C90)*'Project Information'!$H$8)) -> 0
A91: Relocation Costs | D91: =IF($C$4="Yes", IF(C91="", "", H91), "") | E91: =IF(D91="", C91, IFERROR(C91-D91, 0)) -> 0 | H91: =IF($C$4="No",0,IF('Project Information'!$C$15=0,0,(C91)*'Project Information'!$H$8)) -> 0
A92: Marketing | D92: =IF($C$4="Yes", IF(C92="", "", H92), "") | E92: =IF(D92="", C92, IFERROR(C92-D92, 0)) -> 0 | H92: =IF($C$4="No",0,IF('Project Information'!$C$15=0,0,(C92)*'Project Information'!$H$8)) -> 0
A93: Other: (specify) | D93: =IF($C$4="Yes", IF(C93="", "", H93), "") | E93: =IF(D93="", C93, IFERROR(C93-D93, 0)) -> 0 | H93: =IF($C$4="No",0,IF('Project Information'!$C$15=0,0,(C93)*'Project Information'!$H$8)) -> 0
A94: Subtotal | C94: =SUM(C84:C93) -> 0 | D94: =SUM(D84:D93) -> 0 | E94: =C94-D94 -> 0 | H94: =SUM(H84:H93) -> 0
A96: Syndication Costs
A97: Organization Costs | D97: =IF($C$4="Yes", IF(C97="", "", H97), "") | E97: =IF(D97="", C97, IFERROR(C97-D97, 0)) -> 0 | H97: =IF($C$4="No",0,IF('Project Information'!$C$15=0,0,(C97)*'Project Information'!$H$8)) -> 0
A98: Bridge Loan Expenses | D98: =IF($C$4="Yes", IF(C98="", "", H98), "") | E98: =IF(D98="", C98, IFERROR(C98-D98, 0)) -> 0 | H98: =IF($C$4="No",0,IF('Project Information'!$C$15=0,0,(C98)*'Project Information'!$H$8)) -> 0
A99: Legal Fees | D99: =IF($C$4="Yes", IF(C99="", "", H99), "") | E99: =IF(D99="", C99, IFERROR(C99-D99, 0)) -> 0 | H99: =IF($C$4="No",0,IF('Project Information'!$C$15=0,0,(C99)*'Project Information'!$H$8)) -> 0
A100: Tax Opinion | D100: =IF($C$4="Yes", IF(C100="", "", H100), "") | E100: =IF(D100="", C100, IFERROR(C100-D100, 0)) -> 0 | H100: =IF($C$4="No",0,IF('Project Information'!$C$15=0,0,(C100)*'Project Information'!$H$8)) -> 0
A101: Other: (specify) | D101: =IF($C$4="Yes", IF(C101="", "", H101), "") | E101: =IF(D101="", C101, IFERROR(C101-D101, 0)) -> 0 | H101: =IF($C$4="No",0,IF('Project Information'!$C$15=0,0,(C101)*'Project Information'!$H$8)) -> 0
A102: Subtotal | C102: =SUM(C97:C101) -> 0 | D102: =SUM(D97:D101) -> 0 | E102: =C102-D102 -> 0 | H102: =SUM(H97:H101) -> 0
A104: Developer Fees
A105: Developer Fees | D105: =IF($C$4="Yes", IF(C105="", "", H105), "") | E105: =IF(D105="", C105, IFERROR(C105-D105, 0)) -> 0 | H105: =IF($C$4="No",0,IF('Project Information'!$C$15=0,0,(C105)*'Project Information'!$H$8)) -> 0
A106: Consultant Fees | D106: =IF($C$4="Yes", IF(C106="", "", H106), "") | E106: =IF(D106="", C106, IFERROR(C106-D106, 0)) -> 0 | H106: =IF($C$4="No",0,IF('Project Information'!$C$15=0,0,(C106)*'Project Information'!$H$8)) -> 0
A107: Other: (specify) | D107: =IF($C$4="Yes", IF(C107="", "", H107), "") | E107: =IF(D107="", C107, IFERROR(C107-D107, 0)) -> 0 | H107: =IF($C$4="No",0,IF('Project Information'!$C$15=0,0,(C107)*'Project Information'!$H$8)) -> 0
A108: Subtotal | C108: =SUM(C105:C107) -> 0 | D108: =SUM(D105:D107) -> 0 | E108: =C108-D108 -> 0 | H108: =SUM(H105:H107) -> 0 | J108: =(C108+C48)/(C119-(C108+C48+C8+C117)) -> #DIV/0! | K108: DEVELOPER FEE %
J109: =C108+C48 -> 0 | K109: DEVELOPER FEE AMT
...

Sheet Sources of Funds Worksheet
A1: FHLBank Topeka - - Affordable Housing Program
A2: Sources of Funds Worksheet
A3: Blue shaded areas indicate data to be entered by applicant. | R3: Type | T3: Status
A4: Permanent Financing | C4: Type (Loan, Grant or Equity) | D4: Amount | E4: Rate | F4: Term in Months | G4: Amortized in Months | H4: Loan Fees (Origination, Discount Points, etc) | I4: Loan Type | J4: Monthly Debt Service | K4: Annual Debt Service | L4: Monthly Debt vs Validation | N4: Validation | O4: Payment Comparison | P4: Hard debt Y or N | S4: Description Code | T4: Approved Y or N | U4: Term in years | V4: Amort Pd in Yrs | AL4: Loan Fee % | AM4: Fee Amts | AN4: Soft debt payments | AO4: HARD DEBT PAYMENTS | AP4: TOTAL HARD DEBT PAYMENTS | AQ4: Perm Loan Int Rate (15yr) | AR4: Perm Loan Int Rate (30yr)
A5: FHLB AHP Subsidized Advance, or | K5: =IF(ISNUMBER(J5),J5*12,IF(J5="N/A","","")) | L5: =IF(ABS(O5-100%)>2.5%,"Error, 'PMT' Does Not Equal 'Terms' ","") -> #NUM! | N5: =ROUND((PMT(E5/12,G5,D5)*-1),2) -> #NUM! | O5: =N5/J5 -> #NUM! | P5: =IF(OR(I5="deferred",I5="Cash Flow Payments"),"N",IF(OR(I5="P&I Payments",I5="Interest Only"),"Y","")) | Q5: Loan w Debt Serv | R5: Column1 | T5: N | U5: =F5/12 -> 0 | V5: =G5/12 -> 0 | W5: 1 | X5: 2 | Y5: 3 | Z5: 4 | AA5: 5 | AB5: 6 | AC5: 7 | AD5: 8 | AE5: 9 | AF5: 10 | AG5: 11 | AH5: 12 | AI5: 13 | AJ5: 14 | AK5: 15 | AO5: =IF(P5="Y",K5,"")
A6: FHLB AHP Direct Subsidy | C6: Grant | K6: =IF(ISNUMBER(J6),J6*12,IF(J6="N/A","","")) | P6: =IF(OR(I6="deferred",I6="Cash Flow Payments"),"N",IF(OR(I6="P&I Payments",I6="Interest Only"),"Y","")) | Q6: Grant | R6: Approved | S6: 1 | T6: N | U6: =F6/12 -> 0 | V6: =G6/12 -> 0 | AL6: =IF(AND(D7>0,C7="Loan"),H7/D7,0) -> 0 | AM6: =H7 -> 0 | AO6: =IF(P6="Y",K6,"") | AQ6: =IF(AND(OR(I7="P&I Payments",I7="Interest Only"),G7<=180),E7,0) -> 0 | AR6: =IF(AND(OR(I7="P&I Payments",I7="Interest Only"),G7>180),E7,0) -> 0
A7: Permanent Loan* | C7: Loan | K7: =IF(ISNUMBER(J7),J7*12,IF(J7="N/A","","")) | L7: =IF(ABS(O7-100%)>2.5%,"Error, 'PMT' Does Not Equal 'Terms' ","") -> #NUM! | N7: =ROUND(IF(I7="Interest Only",(D7*E7)/12,PMT(E7/12,G7,D7)*-1),2) -> #NUM! | O7: =N7/J7 -> #NUM! | P7: =IF(OR(I7="deferred",I7="Cash Flow Payments"),"N",IF(OR(I7="P&I Payments",I7="Interest Only"),"Y","")) | Q7: Equity | R7: Requested | S7: 2 | T7: =IF(D7>0,"Y","N") -> N | U7: =F7/12 -> 0 | V7: =G7/12 -> 0 | W7: =IF(F7>11.9,IF(OR(I7="Interest Only",I7="P&I Payments"),K7,0),0) -> 0 | X7: =IF($F7>(11.99*X$5),(IF(OR(I7="Interest Only",I7="P&I Payments"),K7,0)),0) -> 0 | Y7: =IF($F7>(11.99*Y$5),(IF(OR(I7="Interest Only",I7="P&I Payments"),K7,0)),0) -> 0 | Z7: =IF($F7>(11.99*Z$5),(IF(OR(I7="Interest Only",I7="P&I Payments"),K7,0)),0) -> 0 | AA7: =IF($F7>(11.99*AA$5),(IF(OR(I7="Interest Only",I7="P&I Payments"),K7,0)),0) -> 0 | AB7: =IF($F7>(11.99*AB$5),(IF(OR(I7="Interest Only",I7="P&I Payments"),K7,0)),0) -> 0 | AC7: =IF($F7>(11.99*AC$5),(IF(OR(I7="Interest Only",I7="P&I Payments"),K7,0)),0) -> 0 | AD7: =IF($F7>(11.99*AD$5),(IF(OR(I7="Interest Only",I7="P&I Payments"),K7,0)),0) -> 0 | AE7: =IF($F7>(11.99*AE$5),(IF(OR(I7="Interest Only",I7="P&I Payments"),K7,0)),0) -> 0 | AF7: =IF($F7>(11.99*AF$5),(IF(OR(I7="Interest Only",I7="P&I Payments"),K7,0)),0) -> 0 | AG7: =IF($F7>(11.99*AG$5),(IF(OR(I7="Interest Only",I7="P&I Payments"),K7,0)),0) -> 0 | AH7: =IF($F7>(11.99*AH$5),(IF(OR(I7="Interest Only",I7="P&I Payments"),K7,0)),0) -> 0 | AI7: =IF($F7>(11.99*AI$5),(IF(OR(I7="Interest Only",I7="P&I Payments"),K7,0)),0) -> 0 | AJ7: =IF($F7>(11.99*AJ$5),(IF(OR(I7="Interest Only",I7="P&I Payments"),K7,0)),0) -> 0 | AK7: =IF($F7>(11.99*AK$5),(IF(OR(I7="Interest Only",I7="P&I Payments"),K7,0)),0) -> 0 | AL7: =IF(AND(D8>0,C8="Loan"),H8/D8,0) -> 0 | AM7: =H8 -> 0 | AO7: =IF(P7="Y",K7,"") | AQ7: =IF(AND(OR(I8="P&I Payments",I8="Interest Only"),G8<=180),E8,0) -> 0 | AR7: =IF(AND(OR(I8="P&I Payments",I8="Interest Only"),G8>180),E8,0) -> 0
A8: LIHTC | C8: Equity | K8: =IF(ISNUMBER(J8),J8*12,IF(J8="N/A","","")) | L8: =IF(ABS(O8-100%)>2.5%,"Error, 'PMT' Does Not Equal 'Terms' ","") -> #NUM! | N8: =ROUND(IF(I8="Interest Only",(D8*E8)/12,PMT(E8/12,G8,D8)*-1),2) -> #NUM! | O8: =N8/J8 -> #NUM! | P8: =IF(OR(I8="deferred",I8="Cash Flow Payments"),"N",IF(OR(I8="P&I Payments",I8="Interest Only"),"Y","")) | Q8: Tax Credit | S8: 4 | T8: =IF(D8>0,"Y","N") -> N | U8: =F8/12 -> 0 | V8: =G8/12 -> 0 | W8: =IF(F8>11.9,IF(OR(I8="Interest Only",I8="P&I Payments"),K8,0),0) -> 0 | X8: =IF($F8>(11.99*X$5),(IF(OR(I8="Interest Only",I8="P&I Payments"),K8,0)),0) -> 0 | Y8: =IF($F8>(11.99*Y$5),(IF(OR(I8="Interest Only",I8="P&I Payments"),K8,0)),0) -> 0 | Z8: =IF($F8>(11.99*Z$5),(IF(OR(I8="Interest Only",I8="P&I Payments"),K8,0)),0) -> 0 | AA8: =IF($F8>(11.99*AA$5),(IF(OR(I8="Interest Only",I8="P&I Payments"),K8,0)),0) -> 0 | AB8: =IF($F8>(11.99*AB$5),(IF(OR(I8="Interest Only",I8="P&I Payments"),K8,0)),0) -> 0 | AC8: =IF($F8>(11.99*AC$5),(IF(OR(I8="Interest Only",I8="P&I Payments"),K8,0)),0) -> 0 | AD8: =IF($F8>(11.99*AD$5),(IF(OR(I8="Interest Only",I8="P&I Payments"),K8,0)),0) -> 0 | AE8: =IF($F8>(11.99*AE$5),(IF(OR(I8="Interest Only",I8="P&I Payments"),K8,0)),0) -> 0 | AF8: =IF($F8>(11.99*AF$5),(IF(OR(I8="Interest Only",I8="P&I Payments"),K8,0)),0) -> 0 | AG8: =IF($F8>(11.99*AG$5),(IF(OR(I8="Interest Only",I8="P&I Payments"),K8,0)),0) -> 0 | AH8: =IF($F8>(11.99*AH$5),(IF(OR(I8="Interest Only",I8="P&I Payments"),K8,0)),0) -> 0 | AI8: =IF($F8>(11.99*AI$5),(IF(OR(I8="Interest Only",I8="P&I Payments"),K8,0)),0) -> 0 | AJ8: =IF($F8>(11.99*AJ$5),(IF(OR(I8="Interest Only",I8="P&I Payments"),K8,0)),0) -> 0 | AK8: =IF($F8>(11.99*AK$5),(IF(OR(I8="Interest Only",I8="P&I Payments"),K8,0)),0) -> 0 | AL8: =IF(AND(D9>0,C9="Loan"),H9/D9,0) -> 0 | AM8: =H9 -> 0 | AO8: =IF(P8="Y",K8,"") | AQ8: =IF(AND(OR(I9="P&I Payments",I9="Interest Only"),G9<=180),E9,0) -> 0 | AR8: =IF(AND(OR(I9="P&I Payments",I9="Interest Only"),G9>180),E9,0) -> 0
A9: Owner Equity | C9: Equity | K9: =IF(ISNUMBER(J9),J9*12,IF(J9="N/A","","")) | L9: =IF(ABS(O9-100%)>2.5%,"Error, 'PMT' Does Not Equal 'Terms' ","") -> #NUM! | N9: =ROUND(IF(I9="Interest Only",(D9*E9)/12,PMT(E9/12,G9,D9)*-1),2) -> #NUM! | O9: =N9/J9 -> #NUM! | P9: =IF(OR(I9="deferred",I9="Cash Flow Payments"),"N",IF(OR(I9="P&I Payments",I9="Interest Only"),"Y","")) | Q9: Loan w/o Debt Serv | S9: 18 | T9: =IF(D9>0,"Y","N") -> N | U9: =F9/12 -> 0 | V9: =G9/12 -> 0 | W9: =IF(F9>11.9,IF(OR(I9="Interest Only",I9="P&I Payments"),K9,0),0) -> 0 | X9: =IF($F9>(11.99*X$5),(IF(OR(I9="Interest Only",I9="P&I Payments"),K9,0)),0) -> 0 | Y9: =IF($F9>(11.99*Y$5),(IF(OR(I9="Interest Only",I9="P&I Payments"),K9,0)),0) -> 0 | Z9: =IF($F9>(11.99*Z$5),(IF(OR(I9="Interest Only",I9="P&I Payments"),K9,0)),0) -> 0 | AA9: =IF($F9>(11.99*AA$5),(IF(OR(I9="Interest Only",I9="P&I Payments"),K9,0)),0) -> 0 | AB9: =IF($F9>(11.99*AB$5),(IF(OR(I9="Interest Only",I9="P&I Payments"),K9,0)),0) -> 0 | AC9: =IF($F9>(11.99*AC$5),(IF(OR(I9="Interest Only",I9="P&I Payments"),K9,0)),0) -> 0 | AD9: =IF($F9>(11.99*AD$5),(IF(OR(I9="Interest Only",I9="P&I Payments"),K9,0)),0) -> 0 | AE9: =IF($F9>(11.99*AE$5),(IF(OR(I9="Interest Only",I9="P&I Payments"),K9,0)),0) -> 0 | AF9: =IF($F9>(11.99*AF$5),(IF(OR(I9="Interest Only",I9="P&I Payments"),K9,0)),0) -> 0 | AG9: =IF($F9>(11.99*AG$5),(IF(OR(I9="Interest Only",I9="P&I Payments"),K9,0)),0) -> 0 | AH9: =IF($F9>(11.99*AH$5),(IF(OR(I9="Interest Only",I9="P&I Payments"),K9,0)),0) -> 0 | AI9: =IF($F9>(11.99*AI$5),(IF(OR(I9="Interest Only",I9="P&I Payments"),K9,0)),0) -> 0 | AJ9: =IF($F9>(11.99*AJ$5),(IF(OR(I9="Interest Only",I9="P&I Payments"),K9,0)),0) -> 0 | AK9: =IF($F9>(11.99*AK$5),(IF(OR(I9="Interest Only",I9="P&I Payments"),K9,0)),0) -> 0 | AL9: =IF(AND(D10>0,C10="Loan"),H10/D10,0) -> 0 | AM9: =H10 -> 0 | AO9: =IF(P9="Y",K9,"") | AQ9: =IF(AND(OR(I10="P&I Payments",I10="Interest Only"),G10<=180),E10,0) -> 0 | AR9: =IF(AND(OR(I10="P&I Payments",I10="Interest Only"),G10>180),E10,0) -> 0
A10: Deferred Developer Fee | C10: Loan | K10: =IF(ISNUMBER(J10),J10*12,IF(J10="N/A","","")) | L10: =IF(ABS(O10-100%)>2.5%,"Error, 'PMT' Does Not Equal 'Terms' ","") -> #NUM! | N10: =ROUND(IF(I10="Interest Only",(D10*E10)/12,PMT(E10/12,G10,D10)*-1),2) -> #NUM! | O10: =N10/J10 -> #NUM! | P10: =IF(OR(I10="deferred",I10="Cash Flow Payments"),"N",IF(OR(I10="P&I Payments",I10="Interest Only"),"Y","")) | S10: 19 | T10: =IF(D10>0,"Y","N") -> N | U10: =F10/12 -> 0 | V10: =G10/12 -> 0 | W10: =IF(F10>11.9,IF(OR(I10="Interest Only",I10="P&I Payments"),K10,0),0) -> 0 | X10: =IF($F10>(11.99*X$5),(IF(OR(I10="Interest Only",I10="P&I Payments"),K10,0)),0) -> 0 | Y10: =IF($F10>(11.99*Y$5),(IF(OR(I10="Interest Only",I10="P&I Payments"),K10,0)),0) -> 0 | Z10: =IF($F10>(11.99*Z$5),(IF(OR(I10="Interest Only",I10="P&I Payments"),K10,0)),0) -> 0 | AA10: =IF($F10>(11.99*AA$5),(IF(OR(I10="Interest Only",I10="P&I Payments"),K10,0)),0) -> 0 | AB10: =IF($F10>(11.99*AB$5),(IF(OR(I10="Interest Only",I10="P&I Payments"),K10,0)),0) -> 0 | AC10: =IF($F10>(11.99*AC$5),(IF(OR(I10="Interest Only",I10="P&I Payments"),K10,0)),0) -> 0 | AD10: =IF($F10>(11.99*AD$5),(IF(OR(I10="Interest Only",I10="P&I Payments"),K10,0)),0) -> 0 | AE10: =IF($F10>(11.99*AE$5),(IF(OR(I10="Interest Only",I10="P&I Payments"),K10,0)),0) -> 0 | AF10: =IF($F10>(11.99*AF$5),(IF(OR(I10="Interest Only",I10="P&I Payments"),K10,0)),0) -> 0 | AG10: =IF($F10>(11.99*AG$5),(IF(OR(I10="Interest Only",I10="P&I Payments"),K10,0)),0) -> 0 | AH10: =IF($F10>(11.99*AH$5),(IF(OR(I10="Interest Only",I10="P&I Payments"),K10,0)),0) -> 0 | AI10: =IF($F10>(11.99*AI$5),(IF(OR(I10="Interest Only",I10="P&I Payments"),K10,0)),0) -> 0 | AJ10: =IF($F10>(11.99*AJ$5),(IF(OR(I10="Interest Only",I10="P&I Payments"),K10,0)),0) -> 0 | AK10: =IF($F10>(11.99*AK$5),(IF(OR(I10="Interest Only",I10="P&I Payments"),K10,0)),0) -> 0 | AL10: =IF(AND(D11>0,C11="Loan"),H11/D11,0) -> 0 | AM10: =H11 -> 0 | AO10: =IF(P10="Y",K10,"") | AQ10: =IF(AND(OR(I11="P&I Payments",I11="Interest Only"),G11<=180),E11,0) -> 0 | AR10: =IF(AND(OR(I11="P&I Payments",I11="Interest Only"),G11>180),E11,0) -> 0
A11: HOME | K11: =IF(ISNUMBER(J11),J11*12,IF(J11="N/A","","")) | L11: =IF(ABS(O11-100%)>2.5%,"Error, 'PMT' Does Not Equal 'Terms' ","") -> #NUM! | N11: =ROUND(IF(I11="Interest Only",(D11*E11)/12,PMT(E11/12,G11,D11)*-1),2) -> #NUM! | O11: =N11/J11 -> #NUM! | P11: =IF(OR(I11="deferred",I11="Cash Flow Payments"),"N",IF(OR(I11="P&I Payments",I11="Interest Only"),"Y","")) | Q11: =IF(D5>0,"AHP Subsidized Advance","AHP Direct Subsidy") -> AHP Direct Subsidy | R11: =D5+D6 -> 0 | S11: 8 | T11: =IF(D11>0,"Y","N") -> N | U11: =F11/12 -> 0 | V11: =G11/12 -> 0 | W11: =IF(F11>11.9,IF(OR(I11="Interest Only",I11="P&I Payments"),K11,0),0) -> 0 | X11: =IF($F11>(11.99*X$5),(IF(OR(I11="Interest Only",I11="P&I Payments"),K11,0)),0) -> 0 | Y11: =IF($F11>(11.99*Y$5),(IF(OR(I11="Interest Only",I11="P&I Payments"),K11,0)),0) -> 0 | Z11: =IF($F11>(11.99*Z$5),(IF(OR(I11="Interest Only",I11="P&I Payments"),K11,0)),0) -> 0 | AA11: =IF($F11>(11.99*AA$5),(IF(OR(I11="Interest Only",I11="P&I Payments"),K11,0)),0) -> 0 | AB11: =IF($F11>(11.99*AB$5),(IF(OR(I11="Interest Only",I11="P&I Payments"),K11,0)),0) -> 0 | AC11: =IF($F11>(11.99*AC$5),(IF(OR(I11="Interest Only",I11="P&I Payments"),K11,0)),0) -> 0 | AD11: =IF($F11>(11.99*AD$5),(IF(OR(I11="Interest Only",I11="P&I Payments"),K11,0)),0) -> 0 | AE11: =IF($F11>(11.99*AE$5),(IF(OR(I11="Interest Only",I11="P&I Payments"),K11,0)),0) -> 0 | AF11: =IF($F11>(11.99*AF$5),(IF(OR(I11="Interest Only",I11="P&I Payments"),K11,0)),0) -> 0 | AG11: =IF($F11>(11.99*AG$5),(IF(OR(I11="Interest Only",I11="P&I Payments"),K11,0)),0) -> 0 | AH11: =IF($F11>(11.99*AH$5),(IF(OR(I11="Interest Only",I11="P&I Payments"),K11,0)),0) -> 0 | AI11: =IF($F11>(11.99*AI$5),(IF(OR(I11="Interest Only",I11="P&I Payments"),K11,0)),0) -> 0 | AJ11: =IF($F11>(11.99*AJ$5),(IF(OR(I11="Interest Only",I11="P&I Payments"),K11,0)),0) -> 0 | AK11: =IF($F11>(11.99*AK$5),(IF(OR(I11="Interest Only",I11="P&I Payments"),K11,0)),0) -> 0 | AL11: =IF(AND(D12>0,C12="Loan"),H12/D12,0) -> 0 | AM11: =H12 -> 0 | AO11: =IF(P11="Y",K11,"") | AQ11: =IF(AND(OR(I12="P&I Payments",I12="Interest Only"),G12<=180),E12,0) -> 0 | AR11: =IF(AND(OR(I12="P&I Payments",I12="Interest Only"),G12>180),E12,0) -> 0
K12: =IF(ISNUMBER(J12),J12*12,IF(J12="N/A","","")) | L12: =IF(ABS(O12-100%)>2.5%,"Error, 'PMT' Does Not Equal 'Terms' ","") -> #NUM! | N12: =ROUND(IF(I12="Interest Only",(D12*E12)/12,PMT(E12/12,G12,D12)*-1),2) -> #NUM! | O12: =N12/J12 -> #NUM! | P12: =IF(OR(I12="deferred",I12="Cash Flow Payments"),"N",IF(OR(I12="P&I Payments",I12="Interest Only"),"Y","")) | S12: =IF(C12="Equity",21,IF(C12="Loan",16,IF(C12="Grant",20,"NA"))) -> NA | T12: =IF(D12>0,"Y","N") -> N | U12: =F12/12 -> 0 | V12: =G12/12 -> 0 | W12: =IF(F12>11.9,IF(OR(I12="Interest Only",I12="P&I Payments"),K12,0),0) -> 0 | X12: =IF($F12>(11.99*X$5),(IF(OR(I12="Interest Only",I12="P&I Payments"),K12,0)),0) -> 0 | Y12: =IF($F12>(11.99*Y$5),(IF(OR(I12="Interest Only",I12="P&I Payments"),K12,0)),0) -> 0 | Z12: =IF($F12>(11.99*Z$5),(IF(OR(I12="Interest Only",I12="P&I Payments"),K12,0)),0) -> 0 | AA12: =IF($F12>(11.99*AA$5),(IF(OR(I12="Interest Only",I12="P&I Payments"),K12,0)),0) -> 0 | AB12: =IF($F12>(11.99*AB$5),(IF(OR(I12="Interest Only",I12="P&I Payments"),K12,0)),0) -> 0 | AC12: =IF($F12>(11.99*AC$5),(IF(OR(I12="Interest Only",I12="P&I Payments"),K12,0)),0) -> 0 | AD12: =IF($F12>(11.99*AD$5),(IF(OR(I12="Interest Only",I12="P&I Payments"),K12,0)),0) -> 0 | AE12: =IF($F12>(11.99*AE$5),(IF(OR(I12="Interest Only",I12="P&I Payments"),K12,0)),0) -> 0 | AF12: =IF($F12>(11.99*AF$5),(IF(OR(I12="Interest Only",I12="P&I Payments"),K12,0)),0) -> 0 | AG12: =IF($F12>(11.99*AG$5),(IF(OR(I12="Interest Only",I12="P&I Payments"),K12,0)),0) -> 0 | AH12: =IF($F12>(11.99*AH$5),(IF(OR(I12="Interest Only",I12="P&I Payments"),K12,0)),0) -> 0 | AI12: =IF($F12>(11.99*AI$5),(IF(OR(I12="Interest Only",I12="P&I Payments"),K12,0)),0) -> 0 | AJ12: =IF($F12>(11.99*AJ$5),(IF(OR(I12="Interest Only",I12="P&I Payments"),K12,0)),0) -> 0 | AK12: =IF($F12>(11.99*AK$5),(IF(OR(I12="Interest Only",I12="P&I Payments"),K12,0)),0) -> 0 | AL12: =IF(AND(D13>0,C13="Loan"),H13/D13,0) -> 0 | AM12: =H13 -> 0 | AO12: =IF(P12="Y",K12,"") | AQ12: =IF(AND(OR(I13="P&I Payments",I13="Interest Only"),G13<=180),E13,0) -> 0 | AR12: =IF(AND(OR(I13="P&I Payments",I13="Interest Only"),G13>180),E13,0) -> 0
K13: =IF(ISNUMBER(J13),J13*12,IF(J13="N/A","","")) | L13: =IF(ABS(O13-100%)>2.5%,"Error, 'PMT' Does Not Equal 'Terms' ","") -> #NUM! | N13: =ROUND(IF(I13="Interest Only",(D13*E13)/12,PMT(E13/12,G13,D13)*-1),2) -> #NUM! | O13: =N13/J13 -> #NUM! | P13: =IF(OR(I13="deferred",I13="Cash Flow Payments"),"N",IF(OR(I13="P&I Payments",I13="Interest Only"),"Y","")) | S13: =IF(C13="Equity",21,IF(C13="Loan",16,IF(C13="Grant",20,"NA"))) -> NA | T13: =IF(D13>0,"Y","N") -> N | U13: =F13/12 -> 0 | V13: =G13/12 -> 0 | W13: =IF(F13>11.9,IF(OR(I13="Interest Only",I13="P&I Payments"),K13,0),0) -> 0 | X13: =IF($F13>(11.99*X$5),(IF(OR(I13="Interest Only",I13="P&I Payments"),K13,0)),0) -> 0 | Y13: =IF($F13>(11.99*Y$5),(IF(OR(I13="Interest Only",I13="P&I Payments"),K13,0)),0) -> 0 | Z13: =IF($F13>(11.99*Z$5),(IF(OR(I13="Interest Only",I13="P&I Payments"),K13,0)),0) -> 0 | AA13: =IF($F13>(11.99*AA$5),(IF(OR(I13="Interest Only",I13="P&I Payments"),K13,0)),0) -> 0 | AB13: =IF($F13>(11.99*AB$5),(IF(OR(I13="Interest Only",I13="P&I Payments"),K13,0)),0) -> 0 | AC13: =IF($F13>(11.99*AC$5),(IF(OR(I13="Interest Only",I13="P&I Payments"),K13,0)),0) -> 0 | AD13: =IF($F13>(11.99*AD$5),(IF(OR(I13="Interest Only",I13="P&I Payments"),K13,0)),0) -> 0 | AE13: =IF($F13>(11.99*AE$5),(IF(OR(I13="Interest Only",I13="P&I Payments"),K13,0)),0) -> 0 | AF13: =IF($F13>(11.99*AF$5),(IF(OR(I13="Interest Only",I13="P&I Payments"),K13,0)),0) -> 0 | AG13: =IF($F13>(11.99*AG$5),(IF(OR(I13="Interest Only",I13="P&I Payments"),K13,0)),0) -> 0 | AH13: =IF($F13>(11.99*AH$5),(IF(OR(I13="Interest Only",I13="P&I Payments"),K13,0)),0) -> 0 | AI13: =IF($F13>(11.99*AI$5),(IF(OR(I13="Interest Only",I13="P&I Payments"),K13,0)),0) -> 0 | AJ13: =IF($F13>(11.99*AJ$5),(IF(OR(I13="Interest Only",I13="P&I Payments"),K13,0)),0) -> 0 | AK13: =IF($F13>(11.99*AK$5),(IF(OR(I13="Interest Only",I13="P&I Payments"),K13,0)),0) -> 0 | AL13: =IF(AND(D14>0,C14="Loan"),H14/D14,0) -> 0 | AM13: =H14 -> 0 | AO13: =IF(P13="Y",K13,"") | AQ13: =IF(AND(OR(I14="P&I Payments",I14="Interest Only"),G14<=180),E14,0) -> 0 | AR13: =IF(AND(OR(I14="P&I Payments",I14="Interest Only"),G14>180),E14,0) -> 0
K14: =IF(ISNUMBER(J14),J14*12,IF(J14="N/A","","")) | L14: =IF(ABS(O14-100%)>2.5%,"Error, 'PMT' Does Not Equal 'Terms' ","") -> #NUM! | N14: =ROUND(IF(I14="Interest Only",(D14*E14)/12,PMT(E14/12,G14,D14)*-1),2) -> #NUM! | O14: =N14/J14 -> #NUM! | P14: =IF(OR(I14="deferred",I14="Cash Flow Payments"),"N",IF(OR(I14="P&I Payments",I14="Interest Only"),"Y","")) | S14: =IF(C14="Equity",21,IF(C14="Loan",16,IF(C14="Grant",20,"NA"))) -> NA | T14: =IF(D14>0,"Y","N") -> N | U14: =F14/12 -> 0 | V14: =G14/12 -> 0 | W14: =IF(F14>11.9,IF(OR(I14="Interest Only",I14="P&I Payments"),K14,0),0) -> 0 | X14: =IF($F14>(11.99*X$5),(IF(OR(I14="Interest Only",I14="P&I Payments"),K14,0)),0) -> 0 | Y14: =IF($F14>(11.99*Y$5),(IF(OR(I14="Interest Only",I14="P&I Payments"),K14,0)),0) -> 0 | Z14: =IF($F14>(11.99*Z$5),(IF(OR(I14="Interest Only",I14="P&I Payments"),K14,0)),0) -> 0 | AA14: =IF($F14>(11.99*AA$5),(IF(OR(I14="Interest Only",I14="P&I Payments"),K14,0)),0) -> 0 | AB14: =IF($F14>(11.99*AB$5),(IF(OR(I14="Interest Only",I14="P&I Payments"),K14,0)),0) -> 0 | AC14: =IF($F14>(11.99*AC$5),(IF(OR(I14="Interest Only",I14="P&I Payments"),K14,0)),0) -> 0 | AD14: =IF($F14>(11.99*AD$5),(IF(OR(I14="Interest Only",I14="P&I Payments"),K14,0)),0) -> 0 | AE14: =IF($F14>(11.99*AE$5),(IF(OR(I14="Interest Only",I14="P&I Payments"),K14,0)),0) -> 0 | AF14: =IF($F14>(11.99*AF$5),(IF(OR(I14="Interest Only",I14="P&I Payments"),K14,0)),0) -> 0 | AG14: =IF($F14>(11.99*AG$5),(IF(OR(I14="Interest Only",I14="P&I Payments"),K14,0)),0) -> 0 | AH14: =IF($F14>(11.99*AH$5),(IF(OR(I14="Interest Only",I14="P&I Payments"),K14,0)),0) -> 0 | AI14: =IF($F14>(11.99*AI$5),(IF(OR(I14="Interest Only",I14="P&I Payments"),K14,0)),0) -> 0 | AJ14: =IF($F14>(11.99*AJ$5),(IF(OR(I14="Interest Only",I14="P&I Payments"),K14,0)),0) -> 0 | AK14: =IF($F14>(11.99*AK$5),(IF(OR(I14="Interest Only",I14="P&I Payments"),K14,0)),0) -> 0 | AL14: =IF(AND(D15>0,C15="Loan"),H15/D15,0) -> 0 | AM14: =H15 -> 0 | AO14: =IF(P14="Y",K14,"") | AQ14: =IF(AND(OR(I15="P&I Payments",I15="Interest Only"),G15<=180),E15,0) -> 0 | AR14: =IF(AND(OR(I15="P&I Payments",I15="Interest Only"),G15>180),E15,0) -> 0
K15: =IF(ISNUMBER(J15),J15*12,IF(J15="N/A","","")) | L15: =IF(ABS(O15-100%)>2.5%,"Error, 'PMT' Does Not Equal 'Terms' ","") -> #NUM! | N15: =ROUND(IF(I15="Interest Only",(D15*E15)/12,PMT(E15/12,G15,D15)*-1),2) -> #NUM! | O15: =N15/J15 -> #NUM! | P15: =IF(OR(I15="deferred",I15="Cash Flow Payments"),"N",IF(OR(I15="P&I Payments",I15="Interest Only"),"Y","")) | S15: =IF(C15="Equity",21,IF(C15="Loan",16,IF(C15="Grant",20,"NA"))) -> NA | T15: =IF(D15>0,"Y","N") -> N | U15: =F15/12 -> 0 | V15: =G15/12 -> 0 | W15: =IF(F15>11.9,IF(OR(I15="Interest Only",I15="P&I Payments"),K15,0),0) -> 0 | X15: =IF($F15>(11.99*X$5),(IF(OR(I15="Interest Only",I15="P&I Payments"),K15,0)),0) -> 0 | Y15: =IF($F15>(11.99*Y$5),(IF(OR(I15="Interest Only",I15="P&I Payments"),K15,0)),0) -> 0 | Z15: =IF($F15>(11.99*Z$5),(IF(OR(I15="Interest Only",I15="P&I Payments"),K15,0)),0) -> 0 | AA15: =IF($F15>(11.99*AA$5),(IF(OR(I15="Interest Only",I15="P&I Payments"),K15,0)),0) -> 0 | AB15: =IF($F15>(11.99*AB$5),(IF(OR(I15="Interest Only",I15="P&I Payments"),K15,0)),0) -> 0 | AC15: =IF($F15>(11.99*AC$5),(IF(OR(I15="Interest Only",I15="P&I Payments"),K15,0)),0) -> 0 | AD15: =IF($F15>(11.99*AD$5),(IF(OR(I15="Interest Only",I15="P&I Payments"),K15,0)),0) -> 0 | AE15: =IF($F15>(11.99*AE$5),(IF(OR(I15="Interest Only",I15="P&I Payments"),K15,0)),0) -> 0 | AF15: =IF($F15>(11.99*AF$5),(IF(OR(I15="Interest Only",I15="P&I Payments"),K15,0)),0) -> 0 | AG15: =IF($F15>(11.99*AG$5),(IF(OR(I15="Interest Only",I15="P&I Payments"),K15,0)),0) -> 0 | AH15: =IF($F15>(11.99*AH$5),(IF(OR(I15="Interest Only",I15="P&I Payments"),K15,0)),0) -> 0 | AI15: =IF($F15>(11.99*AI$5),(IF(OR(I15="Interest Only",I15="P&I Payments"),K15,0)),0) -> 0 | AJ15: =IF($F15>(11.99*AJ$5),(IF(OR(I15="Interest Only",I15="P&I Payments"),K15,0)),0) -> 0 | AK15: =IF($F15>(11.99*AK$5),(IF(OR(I15="Interest Only",I15="P&I Payments"),K15,0)),0) -> 0 | AL15: =IF(AND(D16>0,C16="Loan"),H16/D16,0) -> 0 | AM15: =H16 -> 0 | AO15: =IF(P15="Y",K15,"") | AQ15: =IF(AND(OR(I16="P&I Payments",I16="Interest Only"),G16<=180),E16,0) -> 0 | AR15: =IF(AND(OR(I16="P&I Payments",I16="Interest Only"),G16>180),E16,0) -> 0
K16: =IF(ISNUMBER(J16),J16*12,IF(J16="N/A","","")) | L16: =IF(ABS(O16-100%)>2.5%,"Error, 'PMT' Does Not Equal 'Terms' ","") -> #NUM! | N16: =ROUND(IF(I16="Interest Only",(D16*E16)/12,PMT(E16/12,G16,D16)*-1),2) -> #NUM! | O16: =N16/J16 -> #NUM! | P16: =IF(OR(I16="deferred",I16="Cash Flow Payments"),"N",IF(OR(I16="P&I Payments",I16="Interest Only"),"Y","")) | S16: =IF(C16="Equity",21,IF(C16="Loan",16,IF(C16="Grant",20,"NA"))) -> NA | T16: =IF(D16>0,"Y","N") -> N | U16: =F16/12 -> 0 | V16: =G16/12 -> 0 | W16: =IF(F16>11.9,IF(OR(I16="Interest Only",I16="P&I Payments"),K16,0),0) -> 0 | X16: =IF($F16>(11.99*X$5),(IF(OR(I16="Interest Only",I16="P&I Payments"),K16,0)),0) -> 0 | Y16: =IF($F16>(11.99*Y$5),(IF(OR(I16="Interest Only",I16="P&I Payments"),K16,0)),0) -> 0 | Z16: =IF($F16>(11.99*Z$5),(IF(OR(I16="Interest Only",I16="P&I Payments"),K16,0)),0) -> 0 | AA16: =IF($F16>(11.99*AA$5),(IF(OR(I16="Interest Only",I16="P&I Payments"),K16,0)),0) -> 0 | AB16: =IF($F16>(11.99*AB$5),(IF(OR(I16="Interest Only",I16="P&I Payments"),K16,0)),0) -> 0 | AC16: =IF($F16>(11.99*AC$5),(IF(OR(I16="Interest Only",I16="P&I Payments"),K16,0)),0) -> 0 | AD16: =IF($F16>(11.99*AD$5),(IF(OR(I16="Interest Only",I16="P&I Payments"),K16,0)),0) -> 0 | AE16: =IF($F16>(11.99*AE$5),(IF(OR(I16="Interest Only",I16="P&I Payments"),K16,0)),0) -> 0 | AF16: =IF($F16>(11.99*AF$5),(IF(OR(I16="Interest Only",I16="P&I Payments"),K16,0)),0) -> 0 | AG16: =IF($F16>(11.99*AG$5),(IF(OR(I16="Interest Only",I16="P&I Payments"),K16,0)),0) -> 0 | AH16: =IF($F16>(11.99*AH$5),(IF(OR(I16="Interest Only",I16="P&I Payments"),K16,0)),0) -> 0 | AI16: =IF($F16>(11.99*AI$5),(IF(OR(I16="Interest Only",I16="P&I Payments"),K16,0)),0) -> 0 | AJ16: =IF($F16>(11.99*AJ$5),(IF(OR(I16="Interest Only",I16="P&I Payments"),K16,0)),0) -> 0 | AK16: =IF($F16>(11.99*AK$5),(IF(OR(I16="Interest Only",I16="P&I Payments"),K16,0)),0) -> 0 | AL16: =IF(AND(D17>0,C17="Loan"),H17/D17,0) -> 0 | AM16: =H17 -> 0 | AO16: =IF(P16="Y",K16,"") | AQ16: =IF(AND(OR(I17="P&I Payments",I17="Interest Only"),G17<=180),E17,0) -> 0 | AR16: =IF(AND(OR(I17="P&I Payments",I17="Interest Only"),G17>180),E17,0) -> 0
K17: =IF(ISNUMBER(J17),J17*12,IF(J17="N/A","","")) | L17: =IF(ABS(O17-100%)>2.5%,"Error, 'PMT' Does Not Equal 'Terms' ","") -> #NUM! | N17: =ROUND(IF(I17="Interest Only",(D17*E17)/12,PMT(E17/12,G17,D17)*-1),2) -> #NUM! | O17: =N17/J17 -> #NUM! | P17: =IF(OR(I17="deferred",I17="Cash Flow Payments"),"N",IF(OR(I17="P&I Payments",I17="Interest Only"),"Y","")) | S17: =IF(C17="Equity",21,IF(C17="Loan",16,IF(C17="Grant",20,"NA"))) -> NA | T17: =IF(D17>0,"Y","N") -> N | U17: =F17/12 -> 0 | V17: =G17/12 -> 0 | W17: =IF(F17>11.9,IF(OR(I17="Interest Only",I17="P&I Payments"),K17,0),0) -> 0 | X17: =IF($F17>(11.99*X$5),(IF(OR(I17="Interest Only",I17="P&I Payments"),K17,0)),0) -> 0 | Y17: =IF($F17>(11.99*Y$5),(IF(OR(I17="Interest Only",I17="P&I Payments"),K17,0)),0) -> 0 | Z17: =IF($F17>(11.99*Z$5),(IF(OR(I17="Interest Only",I17="P&I Payments"),K17,0)),0) -> 0 | AA17: =IF($F17>(11.99*AA$5),(IF(OR(I17="Interest Only",I17="P&I Payments"),K17,0)),0) -> 0 | AB17: =IF($F17>(11.99*AB$5),(IF(OR(I17="Interest Only",I17="P&I Payments"),K17,0)),0) -> 0 | AC17: =IF($F17>(11.99*AC$5),(IF(OR(I17="Interest Only",I17="P&I Payments"),K17,0)),0) -> 0 | AD17: =IF($F17>(11.99*AD$5),(IF(OR(I17="Interest Only",I17="P&I Payments"),K17,0)),0) -> 0 | AE17: =IF($F17>(11.99*AE$5),(IF(OR(I17="Interest Only",I17="P&I Payments"),K17,0)),0) -> 0 | AF17: =IF($F17>(11.99*AF$5),(IF(OR(I17="Interest Only",I17="P&I Payments"),K17,0)),0) -> 0 | AG17: =IF($F17>(11.99*AG$5),(IF(OR(I17="Interest Only",I17="P&I Payments"),K17,0)),0) -> 0 | AH17: =IF($F17>(11.99*AH$5),(IF(OR(I17="Interest Only",I17="P&I Payments"),K17,0)),0) -> 0 | AI17: =IF($F17>(11.99*AI$5),(IF(OR(I17="Interest Only",I17="P&I Payments"),K17,0)),0) -> 0 | AJ17: =IF($F17>(11.99*AJ$5),(IF(OR(I17="Interest Only",I17="P&I Payments"),K17,0)),0) -> 0 | AK17: =IF($F17>(11.99*AK$5),(IF(OR(I17="Interest Only",I17="P&I Payments"),K17,0)),0) -> 0 | AL17: =IF(AND(D18>0,C18="Loan"),H18/D18,0) -> 0 | AM17: =H18 -> 0 | AO17: =IF(P17="Y",K17,"") | AQ17: =IF(AND(OR(I18="P&I Payments",I18="Interest Only"),G18<=180),E18,0) -> 0 | AR17: =IF(AND(OR(I18="P&I Payments",I18="Interest Only"),G18>180),E18,0) -> 0
K18: =IF(ISNUMBER(J18),J18*12,IF(J18="N/A","","")) | L18: =IF(ABS(O18-100%)>2.5%,"Error, 'PMT' Does Not Equal 'Terms' ","") -> #NUM! | N18: =ROUND(IF(I18="Interest Only",(D18*E18)/12,PMT(E18/12,G18,D18)*-1),2) -> #NUM! | O18: =N18/J18 -> #NUM! | P18: =IF(OR(I18="deferred",I18="Cash Flow Payments"),"N",IF(OR(I18="P&I Payments",I18="Interest Only"),"Y","")) | S18: =IF(C18="Equity",21,IF(C18="Loan",16,IF(C18="Grant",20,"NA"))) -> NA | T18: =IF(D18>0,"Y","N") -> N | U18: =F18/12 -> 0 | V18: =G18/12 -> 0 | W18: =IF(F18>11.9,IF(OR(I18="Interest Only",I18="P&I Payments"),K18,0),0) -> 0 | X18: =IF($F18>(11.99*X$5),(IF(OR(I18="Interest Only",I18="P&I Payments"),K18,0)),0) -> 0 | Y18: =IF($F18>(11.99*Y$5),(IF(OR(I18="Interest Only",I18="P&I Payments"),K18,0)),0) -> 0 | Z18: =IF($F18>(11.99*Z$5),(IF(OR(I18="Interest Only",I18="P&I Payments"),K18,0)),0) -> 0 | AA18: =IF($F18>(11.99*AA$5),(IF(OR(I18="Interest Only",I18="P&I Payments"),K18,0)),0) -> 0 | AB18: =IF($F18>(11.99*AB$5),(IF(OR(I18="Interest Only",I18="P&I Payments"),K18,0)),0) -> 0 | AC18: =IF($F18>(11.99*AC$5),(IF(OR(I18="Interest Only",I18="P&I Payments"),K18,0)),0) -> 0 | AD18: =IF($F18>(11.99*AD$5),(IF(OR(I18="Interest Only",I18="P&I Payments"),K18,0)),0) -> 0 | AE18: =IF($F18>(11.99*AE$5),(IF(OR(I18="Interest Only",I18="P&I Payments"),K18,0)),0) -> 0 | AF18: =IF($F18>(11.99*AF$5),(IF(OR(I18="Interest Only",I18="P&I Payments"),K18,0)),0) -> 0 | AG18: =IF($F18>(11.99*AG$5),(IF(OR(I18="Interest Only",I18="P&I Payments"),K18,0)),0) -> 0 | AH18: =IF($F18>(11.99*AH$5),(IF(OR(I18="Interest Only",I18="P&I Payments"),K18,0)),0) -> 0 | AI18: =IF($F18>(11.99*AI$5),(IF(OR(I18="Interest Only",I18="P&I Payments"),K18,0)),0) -> 0 | AJ18: =IF($F18>(11.99*AJ$5),(IF(OR(I18="Interest Only",I18="P&I Payments"),K18,0)),0) -> 0 | AK18: =IF($F18>(11.99*AK$5),(IF(OR(I18="Interest Only",I18="P&I Payments"),K18,0)),0) -> 0 | AL18: =IF(AND(D19>0,C19="Loan"),H19/D19,0) -> 0 | AM18: =H19 -> 0 | AO18: =IF(P18="Y",K18,"") | AQ18: =IF(AND(OR(I19="P&I Payments",I19="Interest Only"),G19<=180),E19,0) -> 0 | AR18: =IF(AND(OR(I19="P&I Payments",I19="Interest Only"),G19>180),E19,0) -> 0
K19: =IF(ISNUMBER(J19),J19*12,IF(J19="N/A","","")) | L19: =IF(ABS(O19-100%)>2.5%,"Error, 'PMT' Does Not Equal 'Terms' ","") -> #NUM! | N19: =ROUND((PMT(E19/12,G19,D19)*-1),2) -> #NUM! | O19: =N19/J19 -> #NUM! | P19: =IF(OR(I19="deferred",I19="Cash Flow Payments"),"N",IF(OR(I19="P&I Payments",I19="Interest Only"),"Y","")) | S19: =IF(C19="Equity",21,IF(C19="Loan",16,IF(C19="Grant",20,"NA"))) -> NA | T19: =IF(D19>0,"Y","N") -> N | U19: =F19/12 -> 0 | V19: =G19/12 -> 0 | W19: =IF(F19>11.9,IF(OR(I19="Interest Only",I19="P&I Payments"),K19,0),0) -> 0 | X19: =IF($F19>(11.99*X$5),(IF(OR(I19="Interest Only",I19="P&I Payments"),K19,0)),0) -> 0 | Y19: =IF($F19>(11.99*Y$5),(IF(OR(I19="Interest Only",I19="P&I Payments"),K19,0)),0) -> 0 | Z19: =IF($F19>(11.99*Z$5),(IF(OR(I19="Interest Only",I19="P&I Payments"),K19,0)),0) -> 0 | AA19: =IF($F19>(11.99*AA$5),(IF(OR(I19="Interest Only",I19="P&I Payments"),K19,0)),0) -> 0 | AB19: =IF($F19>(11.99*AB$5),(IF(OR(I19="Interest Only",I19="P&I Payments"),K19,0)),0) -> 0 | AC19: =IF($F19>(11.99*AC$5),(IF(OR(I19="Interest Only",I19="P&I Payments"),K19,0)),0) -> 0 | AD19: =IF($F19>(11.99*AD$5),(IF(OR(I19="Interest Only",I19="P&I Payments"),K19,0)),0) -> 0 | AE19: =IF($F19>(11.99*AE$5),(IF(OR(I19="Interest Only",I19="P&I Payments"),K19,0)),0) -> 0 | AF19: =IF($F19>(11.99*AF$5),(IF(OR(I19="Interest Only",I19="P&I Payments"),K19,0)),0) -> 0 | AG19: =IF($F19>(11.99*AG$5),(IF(OR(I19="Interest Only",I19="P&I Payments"),K19,0)),0) -> 0 | AH19: =IF($F19>(11.99*AH$5),(IF(OR(I19="Interest Only",I19="P&I Payments"),K19,0)),0) -> 0 | AI19: =IF($F19>(11.99*AI$5),(IF(OR(I19="Interest Only",I19="P&I Payments"),K19,0)),0) -> 0 | AJ19: =IF($F19>(11.99*AJ$5),(IF(OR(I19="Interest Only",I19="P&I Payments"),K19,0)),0) -> 0 | AK19: =IF($F19>(11.99*AK$5),(IF(OR(I19="Interest Only",I19="P&I Payments"),K19,0)),0) -> 0 | AL19: =IF(AND(D20>0,C20="Loan"),H20/D20,0) -> 0 | AO19: =SUM(AO5:AO18) -> 0 | AP19: =AO19 -> 0
A20: Total Permanent Sources | D20: =ROUND(SUM(D5:D19),0) -> 0 | H20: =SUM(H5:H19) -> 0 | J20: =SUM(J5:J19) -> 0 | K20: =IF(OR(I7="Interest Only",I7="P&I Payments"),K7,0)+IF(OR(I8="Interest Only",I8="P&I Payments"),K8,0)+IF(OR(I9="Interest Only",I9="P&I Payments"),K9,0)+IF(OR(I10="Interest Only",I10="P&I Payments"),K10,0)+IF(OR(I11="Interest Only",I11="P&I Payments"),K11,0)+IF(OR(I12="Interest Only",I12="P&I Payments"),K12,0)+IF(OR(I13="Interest Only",I13="P&I Payments"),K13,0)+IF(OR(I14="Interest Only",I14="P&I Payments"),K14,0)+IF(OR(I15="Interest Only",I15="P&I Payments"),K15,0)+IF(OR(I16="Interest Only",I16="P&I Payments"),K16,0)+IF(OR(I17="Interest Only",I17="P&I Payments"),K17,0)+IF(OR(I18="Interest Only",I18="P&I Payments"),K18,0)+IF(OR(I19="Interest Only",I19="P&I Payments"),K19,0) -> 0 | T20: Pro forma Annual Debt Service | W20: =SUM(W7:W19) -> 0 | X20: =SUM(X7:X19) -> 0 | Y20: =SUM(Y7:Y19) -> 0 | Z20: =SUM(Z7:Z19) -> 0 | AA20: =SUM(AA7:AA19) -> 0 | AB20: =SUM(AB7:AB19) -> 0 | AC20: =SUM(AC7:AC19) -> 0 | AD20: =SUM(AD7:AD19) -> 0 | ... AK20: =SUM(AK7:AK19) -> 0
B21: =IF(ABS($D$20-'Development Budget Worksheet'!C119)<0.5,"","Error, 'Total Permanent Sources' Does Not Equal 'Total Development Costs' on Development Budget") | H21: =IF(H20<>L21,"Loan Fees do not match Development Budget","") | L21: ='Development Budget Worksheet'!C76 -> 0 | T21: Non-Residential Debt Service | W21: =SUM(W7:W20) -> 0
A22: Existing Debt | C22: Type (Loan, Grant or Equity) | D22: Amount | E22: Rate | F22: Term in Months | G22: Amortized in Months | H22: Months Remaining on Term | I22: Loan Type | J22: Monthly Debt Service | K22: Annual Debt Service | L22: Monthly Debt vs Validation | N22: Validation | O22: Payment Comparison | T22: Total Debt Service | W22: =W19+W21 -> 0
K23: =IF(ISNUMBER(J23),J23*12,IF(J23="N/A","","")) | L23: =IF(ABS(O23-100%)>2.5%,"Error, 'PMT' Does Not Equal 'Terms' ","") -> #NUM! | N23: =ROUND(IF(I23="Interest Only",(D23*E23)/12,PMT(E23/12,G23,D23)*-1),2) -> #NUM! | O23: =N23/J23 -> #NUM! | T23: Existing Debt | W23: =IF(H23>11.9,IF(OR(I23="Interest Only",I23="P&I Payments"),K23,0),0) -> 0 | X23: =IF($H23>(11.99*X$5),(IF(OR(I23="Interest Only",I23="P&I Payments"),K23,0)),0) -> 0 | Y23: =IF($H23>(11.99*Y$5),(IF(OR(I23="Interest Only",I23="P&I Payments"),K23,0)),0) -> 0 | Z23: =IF($H23>(11.99*Z$5),(IF(OR(I23="Interest Only",I23="P&I Payments"),K23,0)),0) -> 0 | AA23: =IF($H23>(11.99*AA$5),(IF(OR(I23="Interest Only",I23="P&I Payments"),K23,0)),0) -> 0 | AB23: =IF($H23>(11.99*AB$5),(IF(OR(I23="Interest Only",I23="P&I Payments"),K23,0)),0) -> 0 | AC23: =IF($H23>(11.99*AC$5),(IF(OR(I23="Interest Only",I23="P&I Payments"),K23,0)),0) -> 0 | AD23: =IF($H23>(11.99*AD$5),(IF(OR(I23="Interest Only",I23="P&I Payments"),K23,0)),0) -> 0 | AE23: =IF($H23>(11.99*AE$5),(IF(OR(I23="Interest Only",I23="P&I Payments"),K23,0)),0) -> 0 | AF23: =IF($H23>(11.99*AF$5),(IF(OR(I23="Interest Only",I23="P&I Payments"),K23,0)),0) -> 0 | AG23: =IF($H23>(11.99*AG$5),(IF(OR(I23="Interest Only",I23="P&I Payments"),K23,0)),0) -> 0 | AH23: =IF($H23>(11.99*AH$5),(IF(OR(I23="Interest Only",I23="P&I Payments"),K23,0)),0) -> 0 | AI23: =IF($H23>(11.99*AI$5),(IF(OR(I23="Interest Only",I23="P&I Payments"),K23,0)),0) -> 0 | AJ23: =IF($H23>(11.99*AJ$5),(IF(OR(I23="Interest Only",I23="P&I Payments"),K23,0)),0) -> 0 | AK23: =IF($H23>(11.99*AK$5),(IF(OR(I23="Interest Only",I23="P&I Payments"),K23,0)),0) -> 0
K24: =IF(ISNUMBER(J24),J24*12,IF(J24="N/A","","")) | L24: =IF(ABS(O24-100%)>2.5%,"Error, 'PMT' Does Not Equal 'Terms' ","") -> #NUM! | N24: =ROUND(IF(I24="Interest Only",(D24*E24)/12,PMT(E24/12,G24,D24)*-1),2) -> #NUM! | O24: =N24/J24 -> #NUM! | W24: =IF(H24>11.9,IF(OR(I24="Interest Only",I24="P&I Payments"),K24,0),0) -> 0 | X24: =IF($H24>(11.99*X$5),(IF(OR(I24="Interest Only",I24="P&I Payments"),K24,0)),0) -> 0 | Y24: =IF($H24>(11.99*Y$5),(IF(OR(I24="Interest Only",I24="P&I Payments"),K24,0)),0) -> 0 | Z24: =IF($H24>(11.99*Z$5),(IF(OR(I24="Interest Only",I24="P&I Payments"),K24,0)),0) -> 0 | AA24: =IF($H24>(11.99*AA$5),(IF(OR(I24="Interest Only",I24="P&I Payments"),K24,0)),0) -> 0 | AB24: =IF($H24>(11.99*AB$5),(IF(OR(I24="Interest Only",I24="P&I Payments"),K24,0)),0) -> 0 | AC24: =IF($H24>(11.99*AC$5),(IF(OR(I24="Interest Only",I24="P&I Payments"),K24,0)),0) -> 0 | AD24: =IF($H24>(11.99*AD$5),(IF(OR(I24="Interest Only",I24="P&I Payments"),K24,0)),0) -> 0 | AE24: =IF($H24>(11.99*AE$5),(IF(OR(I24="Interest Only",I24="P&I Payments"),K24,0)),0) -> 0 | AF24: =IF($H24>(11.99*AF$5),(IF(OR(I24="Interest Only",I24="P&I Payments"),K24,0)),0) -> 0 | AG24: =IF($H24>(11.99*AG$5),(IF(OR(I24="Interest Only",I24="P&I Payments"),K24,0)),0) -> 0 | AH24: =IF($H24>(11.99*AH$5),(IF(OR(I24="Interest Only",I24="P&I Payments"),K24,0)),0) -> 0 | AI24: =IF($H24>(11.99*AI$5),(IF(OR(I24="Interest Only",I24="P&I Payments"),K24,0)),0) -> 0 | AJ24: =IF($H24>(11.99*AJ$5),(IF(OR(I24="Interest Only",I24="P&I Payments"),K24,0)),0) -> 0 | AK24: =IF($H24>(11.99*AK$5),(IF(OR(I24="Interest Only",I24="P&I Payments"),K24,0)),0) -> 0
K25: =IF(ISNUMBER(J25),J25*12,IF(J25="N/A","","")) | L25: =IF(ABS(O25-100%)>2.5%,"Error, 'PMT' Does Not Equal 'Terms' ","") -> #NUM! | N25: =ROUND(IF(I25="Interest Only",(D25*E25)/12,PMT(E25/12,G25,D25)*-1),2) -> #NUM! | O25: =N25/J25 -> #NUM! | W25: =IF(H25>11.9,IF(OR(I25="Interest Only",I25="P&I Payments"),K25,0),0) -> 0 | X25: =IF($H25>(11.99*X$5),(IF(OR(I25="Interest Only",I25="P&I Payments"),K25,0)),0) -> 0 | Y25: =IF($H25>(11.99*Y$5),(IF(OR(I25="Interest Only",I25="P&I Payments"),K25,0)),0) -> 0 | Z25: =IF($H25>(11.99*Z$5),(IF(OR(I25="Interest Only",I25="P&I Payments"),K25,0)),0) -> 0 | AA25: =IF($H25>(11.99*AA$5),(IF(OR(I25="Interest Only",I25="P&I Payments"),K25,0)),0) -> 0 | AB25: =IF($H25>(11.99*AB$5),(IF(OR(I25="Interest Only",I25="P&I Payments"),K25,0)),0) -> 0 | AC25: =IF($H25>(11.99*AC$5),(IF(OR(I25="Interest Only",I25="P&I Payments"),K25,0)),0) -> 0 | AD25: =IF($H25>(11.99*AD$5),(IF(OR(I25="Interest Only",I25="P&I Payments"),K25,0)),0) -> 0 | AE25: =IF($H25>(11.99*AE$5),(IF(OR(I25="Interest Only",I25="P&I Payments"),K25,0)),0) -> 0 | AF25: =IF($H25>(11.99*AF$5),(IF(OR(I25="Interest Only",I25="P&I Payments"),K25,0)),0) -> 0 | AG25: =IF($H25>(11.99*AG$5),(IF(OR(I25="Interest Only",I25="P&I Payments"),K25,0)),0) -> 0 | AH25: =IF($H25>(11.99*AH$5),(IF(OR(I25="Interest Only",I25="P&I Payments"),K25,0)),0) -> 0 | AI25: =IF($H25>(11.99*AI$5),(IF(OR(I25="Interest Only",I25="P&I Payments"),K25,0)),0) -> 0 | AJ25: =IF($H25>(11.99*AJ$5),(IF(OR(I25="Interest Only",I25="P&I Payments"),K25,0)),0) -> 0 | AK25: =IF($H25>(11.99*AK$5),(IF(OR(I25="Interest Only",I25="P&I Payments"),K25,0)),0) -> 0
A26: Total Existing Debt | D26: =ROUND(SUM(D23:D25),0) -> 0 | J26: =SUM(J23:J25) -> 0 | K26: =IF(OR(I23="Interest Only",I23="P&I Payments"),K23,0)+IF(OR(I24="Interest Only",I24="P&I Payments"),K24,0)+IF(OR(I25="Interest Only",I25="P&I Payments"),K25,0) -> 0 | T26: Pro forma Annual Debt Service | W26: =SUM(W23:W25) -> 0 | X26: =SUM(X23:X25) -> 0 | Y26: =SUM(Y23:Y25) -> 0 | Z26: =SUM(Z23:Z25) -> 0 | AA26: =SUM(AA23:AA25) -> 0 | AB26: =SUM(AB23:AB25) -> 0 | AC26: =SUM(AC23:AC25) -> 0 | AD26: =SUM(AD23:AD25) -> 0 | ... AK26: =SUM(AK23:AK25) -> 0
A28: Construction/Interim Financing | C28: Type (Loan, Grant or Equity) | D28: Amount | E28: Rate | F28: Term in Months | G28: Amortized in Months | H28: Loan Fees (Origination, Discount Points, etc) | I28: Loan Type | J28: Monthly Debt Service | K28: Annual Debt Service | L28: Monthly Debt vs Validation | N28: Validation | O28: Payment Comparison
A29: FHLB AHP Subsidized Advance, or | D29: =IF(OR(D5="",D5="Identify Type of AHP Funds Requested on the Project Information Tab.",D5="Enter Planned AHP Award Use on Development Budget Worksheet"),"",D5)
A30: FHLB AHP Direct Subsidy | D30: =IF(OR(D6="",D6="Identify Type of AHP Funds Requested on the Project Information Tab.",D6="Enter Planned AHP Award Use on Development Budget Worksheet"),"",D6) | T30: Construction Loan Fee %
A31: Construction Loan* | C31: Loan | T31: =IF(AND(D31>0,C31="Loan"),H31/D31,0) -> 0 | U31: =H31 -> 0
T32: =IF(AND(D32>0,C32="Loan"),H32/D32,0) -> 0 | U32: =H32 -> 0
T33: =IF(AND(D33>0,C33="Loan"),H33/D33,0) -> 0 | U33: =H33 -> 0
T34: =IF(AND(D34>0,C34="Loan"),H34/D34,0) -> 0 | U34: =H34 -> 0
T35: =IF(AND(D35>0,C35="Loan"),H35/D35,0) -> 0 | U35: =H35 -> 0
T36: =IF(AND(D36>0,C36="Loan"),H36/D36,0) -> 0 | U36: =H36 -> 0
T37: =IF(AND(D37>0,C37="Loan"),H37/D37,0) -> 0 | U37: =H37 -> 0
T38: =IF(AND(D38>0,C38="Loan"),H38/D38,0) -> 0 | U38: =H38 -> 0
A39: Total Construction Sources | D39: =ROUND(SUM(D29:D38),0) -> 0 | H39: =SUM(H29:H38) -> 0
B40: =D39/('Development Budget Worksheet'!C14+'Development Budget Worksheet'!C27+'Development Budget Worksheet'!C42+'Development Budget Worksheet'!C53+'Development Budget Worksheet'!C69) -> #DIV/0! | H40: =IF(H39<>K40,"Loan Fees do not match Development Budget","") | K40: ='Development Budget Worksheet'!C61 -> 0
A42: Explanation: In the box below enter any further explanations for this page.
A50: Total Loans With Debt Service Only | D50: =SUMIF(J7:J19,">0",D7:D19) + SUMIF(J23:J25,">0",D23:D25) -> 0

Sheet Housing Pro Forma
A1: Blue shaded areas indicate data to be entered by applicant.
A2: Tan shaded cells include formulas that will automatically calculate but can be overwritten. | H2: FHLBank Topeka - - Affordable Housing Program
A3: Yellow shaded cells are protected and indicate references to other cells in the workbook or formulas that should not be changed. | K3: Housing Pro Forma
D5: Total Number of Units | E5: ='Project Information'!F15 -> 0 | H5: Do tenants pay Gas & Electric?
D6: Vacancy/Bad Debt Rate Year 1 | H6: Do tenants pay Water & Sewer?
D7: Stabilized Vacancy/Bad Debt Rate Years 2 - 15 | F7: =IF(OR(E6>0.07, E7>0.07), "Vacancy is greater than 7%. Provide explanation in box below.", "") | K7: Revenue Escalator | L7: 0.02 | N7: Expense Escalator | O7: 0.03
D9: PUPM Yr1 | E9: Year 1 | F9: Year 2 | G9: Year 3 | H9: Year 4 | I9: Year 5 | J9: Year 6 | K9: Year 7 | L9: Year 8 | M9: Year 9 | N9: Year 10 | O9: Year 11 | P9: Year 12 | Q9: Year 13 | R9: Year 14 | S9: Year 15
A10: INCOME
A11: Scheduled Residential Rents | F11: =E11*(1+$L$7) -> 0 | G11: =F11*(1+$L$7) -> 0 | H11: =G11*(1+$L$7) -> 0 | I11: =H11*(1+$L$7) -> 0 | J11: =I11*(1+$L$7) -> 0 | K11: =J11*(1+$L$7) -> 0 | L11: =K11*(1+$L$7) -> 0 | M11: =L11*(1+$L$7) -> 0 | ... S11: =R11*(1+$L$7) -> 0
A12: Laundry, Parking & Other Rev. | F12: =E12*(1+$L$7) -> 0 | G12: =F12*(1+$L$7) -> 0 | H12: =G12*(1+$L$7) -> 0 | I12: =H12*(1+$L$7) -> 0 | J12: =I12*(1+$L$7) -> 0 | K12: =J12*(1+$L$7) -> 0 | L12: =K12*(1+$L$7) -> 0 | M12: =L12*(1+$L$7) -> 0 | ... S12: =R12*(1+$L$7) -> 0 | V12: =E11+E14 -> 0 | W12: Gross Annual Rental Income
A13: Property Tax Rebate/Refund | F13: =E13*(1+$L$7) -> 0 | G13: =F13*(1+$L$7) -> 0 | H13: =G13*(1+$L$7) -> 0 | I13: =H13*(1+$L$7) -> 0 | J13: =I13*(1+$L$7) -> 0 | K13: =J13*(1+$L$7) -> 0 | L13: =K13*(1+$L$7) -> 0 | M13: =L13*(1+$L$7) -> 0 | ... S13: =R13*(1+$L$7) -> 0
A14: Other Income: Rental Assistance | F14: =E14*(1+$L$7) -> 0 | G14: =F14*(1+$L$7) -> 0 | H14: =G14*(1+$L$7) -> 0 | I14: =H14*(1+$L$7) -> 0 | J14: =I14*(1+$L$7) -> 0 | K14: =J14*(1+$L$7) -> 0 | L14: =K14*(1+$L$7) -> 0 | M14: =L14*(1+$L$7) -> 0 | ... S14: =R14*(1+$L$7) -> 0 | T14: =IF(OR(AND(E14<>0,A14="D. Other Income:"),AND(E14<>0,A14="")),"Error: Describe Source of Other Income","")
A15: Other Income: | F15: =E15*(1+$L$7) -> 0 | G15: =F15*(1+$L$7) -> 0 | H15: =G15*(1+$L$7) -> 0 | I15: =H15*(1+$L$7) -> 0 | J15: =I15*(1+$L$7) -> 0 | K15: =J15*(1+$L$7) -> 0 | L15: =K15*(1+$L$7) -> 0 | M15: =L15*(1+$L$7) -> 0 | ... S15: =R15*(1+$L$7) -> 0 | T15: =IF(OR(AND(E15<>0,A15="E. Other Income:"),AND(E15<>0,A15="")),"Error: Describe Source of Other Income","")
A16: Other Income: | F16: =E16*(1+$L$7) -> 0 | G16: =F16*(1+$L$7) -> 0 | H16: =G16*(1+$L$7) -> 0 | I16: =H16*(1+$L$7) -> 0 | J16: =I16*(1+$L$7) -> 0 | K16: =J16*(1+$L$7) -> 0 | L16: =K16*(1+$L$7) -> 0 | M16: =L16*(1+$L$7) -> 0 | ... S16: =R16*(1+$L$7) -> 0
A17: GROSS INCOME | E17: =ROUND(SUM(E11:E16),0) -> 0 | F17: =ROUND(SUM(F11:F16),0) -> 0 | G17: =ROUND(SUM(G11:G16),0) -> 0 | H17: =ROUND(SUM(H11:H16),0) -> 0 | I17: =ROUND(SUM(I11:I16),0) -> 0 | J17: =ROUND(SUM(J11:J16),0) -> 0 | K17: =ROUND(SUM(K11:K16),0) -> 0 | L17: =ROUND(SUM(L11:L16),0) -> 0 | ... S17: =ROUND(SUM(S11:S16),0) -> 0 | T17: =IF(AND(E17<>0,A17="F. Other Income:"),"Describe Other Source of Income","")
A18: Less Vacancy | E18: =-ROUND((E11+E14)*$E$6,0) -> 0 | F18: =-ROUND((F11+F14)*$E$7,0) -> 0 | G18: =-ROUND((G11+G14)*$E$7,0) -> 0 | H18: =-ROUND((H11+H14)*$E$7,0) -> 0 | I18: =-ROUND((I11+I14)*$E$7,0) -> 0 | J18: =-ROUND((J11+J14)*$E$7,0) -> 0 | K18: =-ROUND((K11+K14)*$E$7,0) -> 0 | L18: =-ROUND((L11+L14)*$E$7,0) -> 0 | M18: =-ROUND((M11+M14)*$E$7,0) -> 0 | ... S18: =-ROUND((S11+S14)*$E$7,0) -> 0
A19: Total Effective Gross Income (EGI) | E19: =E17+E18 -> 0 | F19: =F17+F18 -> 0 | G19: =G17+G18 -> 0 | H19: =H17+H18 -> 0 | I19: =I17+I18 -> 0 | J19: =J17+J18 -> 0 | K19: =K17+K18 -> 0 | L19: =L17+L18 -> 0 | ... S19: =S17+S18 -> 0
A21: OPERATING EXPENSES
A22: Management Fee | C22: =IF(E22=0,0,IF((E11+E14)>(E15+E16),IF(E22=0,0,E22/(E11+E14+E18)),(E22/(E11+E14+E15+E16+E18)))) -> 0 | D22: =IF(OR(E22=0,E22=""),"",(E22/12)/$E$5) | F22: =IF((F11+F14)>(F15+F16),(F11+F14+F18)*$C$22,(F11+F14+F15+F16+F18)*$C$22) -> 0 | G22: =IF((G11+G14)>(G15+G16),(G11+G14+G18)*$C$22,(G11+G14+G15+G16+G18)*$C$22) -> 0 | H22: =IF((H11+H14)>(H15+H16),(H11+H14+H18)*$C$22,(H11+H14+H15+H16+H18)*$C$22) -> 0 | I22: =IF((I11+I14)>(I15+I16),(I11+I14+I18)*$C$22,(I11+I14+I15+I16+I18)*$C$22) -> 0 | J22: =IF((J11+J14)>(J15+J16),(J11+J14+J18)*$C$22,(J11+J14+J15+J16+J18)*$C$22) -> 0 | K22: =IF((K11+K14)>(K15+K16),(K11+K14+K18)*$C$22,(K11+K14+K15+K16+K18)*$C$22) -> 0 | L22: =IF((L11+L14)>(L15+L16),(L11+L14+L18)*$C$22,(L11+L14+L15+L16+L18)*$C$22) -> 0 | M22: =IF((M11+M14)>(M15+M16),(M11+M14+M18)*$C$22,(M11+M14+M15+M16+M18)*$C$22) -> 0 | ... S22: =IF((S11+S14)>(S15+S16),(S11+S14+S18)*$C$22,(S11+S14+S15+S16+S18)*$C$22) -> 0
A23: Legal | D23: =IF(OR(E23=0,E23=""),"",(E23/12)/$E$5) | F23: =E23*(1+$O$7) -> 0 | G23: =F23*(1+$O$7) -> 0 | H23: =G23*(1+$O$7) -> 0 | I23: =H23*(1+$O$7) -> 0 | J23: =I23*(1+$O$7) -> 0 | K23: =J23*(1+$O$7) -> 0 | L23: =K23*(1+$O$7) -> 0 | M23: =L23*(1+$O$7) -> 0 | ... S23: =R23*(1+$O$7) -> 0
A24: Advertising | D24: =IF(OR(E24=0,E24=""),"",(E24/12)/$E$5) | F24: =E24*(1+$O$7) -> 0 | G24: =F24*(1+$O$7) -> 0 | H24: =G24*(1+$O$7) -> 0 | I24: =H24*(1+$O$7) -> 0 | J24: =I24*(1+$O$7) -> 0 | K24: =J24*(1+$O$7) -> 0 | L24: =K24*(1+$O$7) -> 0 | M24: =L24*(1+$O$7) -> 0 | ... S24: =R24*(1+$O$7) -> 0
A25: Gas & Electric | D25: =IF(OR(E25=0,E25=""),"",(E25/12)/$E$5) | F25: =E25*(1+$O$7) -> 0 | G25: =F25*(1+$O$7) -> 0 | H25: =G25*(1+$O$7) -> 0 | I25: =H25*(1+$O$7) -> 0 | J25: =I25*(1+$O$7) -> 0 | K25: =J25*(1+$O$7) -> 0 | L25: =K25*(1+$O$7) -> 0 | M25: =L25*(1+$O$7) -> 0 | ... S25: =R25*(1+$O$7) -> 0
A26: Water & Sewer | D26: =IF(OR(E26=0,E26=""),"",(E26/12)/$E$5) | F26: =E26*(1+$O$7) -> 0 | G26: =F26*(1+$O$7) -> 0 | H26: =G26*(1+$O$7) -> 0 | I26: =H26*(1+$O$7) -> 0 | J26: =I26*(1+$O$7) -> 0 | K26: =J26*(1+$O$7) -> 0 | L26: =K26*(1+$O$7) -> 0 | M26: =L26*(1+$O$7) -> 0 | ... S26: =R26*(1+$O$7) -> 0
A27: Supplies | D27: =IF(OR(E27=0,E27=""),"",(E27/12)/$E$5) | F27: =E27*(1+$O$7) -> 0 | G27: =F27*(1+$O$7) -> 0 | H27: =G27*(1+$O$7) -> 0 | I27: =H27*(1+$O$7) -> 0 | J27: =I27*(1+$O$7) -> 0 | K27: =J27*(1+$O$7) -> 0 | L27: =K27*(1+$O$7) -> 0 | M27: =L27*(1+$O$7) -> 0 | ... S27: =R27*(1+$O$7) -> 0
A28: Payroll | D28: =IF(OR(E28=0,E28=""),"",(E28/12)/$E$5) | F28: =E28*(1+$O$7) -> 0 | G28: =F28*(1+$O$7) -> 0 | H28: =G28*(1+$O$7) -> 0 | I28: =H28*(1+$O$7) -> 0 | J28: =I28*(1+$O$7) -> 0 | K28: =J28*(1+$O$7) -> 0 | L28: =K28*(1+$O$7) -> 0 | M28: =L28*(1+$O$7) -> 0 | ... S28: =R28*(1+$O$7) -> 0
A29: Waste Removal | D29: =IF(OR(E29=0,E29=""),"",(E29/12)/$E$5) | F29: =E29*(1+$O$7) -> 0 | G29: =F29*(1+$O$7) -> 0 | H29: =G29*(1+$O$7) -> 0 | I29: =H29*(1+$O$7) -> 0 | J29: =I29*(1+$O$7) -> 0 | K29: =J29*(1+$O$7) -> 0 | L29: =K29*(1+$O$7) -> 0 | M29: =L29*(1+$O$7) -> 0 | ... S29: =R29*(1+$O$7) -> 0
A30: Accounting | D30: =IF(OR(E30=0,E30=""),"",(E30/12)/$E$5) | F30: =E30*(1+$O$7) -> 0 | G30: =F30*(1+$O$7) -> 0 | H30: =G30*(1+$O$7) -> 0 | I30: =H30*(1+$O$7) -> 0 | J30: =I30*(1+$O$7) -> 0 | K30: =J30*(1+$O$7) -> 0 | L30: =K30*(1+$O$7) -> 0 | M30: =L30*(1+$O$7) -> 0 | ... S30: =R30*(1+$O$7) -> 0
A31: Audit | D31: =IF(OR(E31=0,E31=""),"",(E31/12)/$E$5) | F31: =E31*(1+$O$7) -> 0 | G31: =F31*(1+$O$7) -> 0 | H31: =G31*(1+$O$7) -> 0 | I31: =H31*(1+$O$7) -> 0 | J31: =I31*(1+$O$7) -> 0 | K31: =J31*(1+$O$7) -> 0 | L31: =K31*(1+$O$7) -> 0 | M31: =L31*(1+$O$7) -> 0 | ... S31: =R31*(1+$O$7) -> 0
A32: Maintenance/Repair | D32: =IF(OR(E32=0,E32=""),"",(E32/12)/$E$5) | F32: =E32*(1+$O$7) -> 0 | G32: =F32*(1+$O$7) -> 0 | H32: =G32*(1+$O$7) -> 0 | I32: =H32*(1+$O$7) -> 0 | J32: =I32*(1+$O$7) -> 0 | K32: =J32*(1+$O$7) -> 0 | L32: =K32*(1+$O$7) -> 0 | M32: =L32*(1+$O$7) -> 0 | ... S32: =R32*(1+$O$7) -> 0
A33: Grounds & Decorating | D33: =IF(OR(E33=0,E33=""),"",(E33/12)/$E$5) | F33: =E33*(1+$O$7) -> 0 | G33: =F33*(1+$O$7) -> 0 | H33: =G33*(1+$O$7) -> 0 | I33: =H33*(1+$O$7) -> 0 | J33: =I33*(1+$O$7) -> 0 | K33: =J33*(1+$O$7) -> 0 | L33: =K33*(1+$O$7) -> 0 | M33: =L33*(1+$O$7) -> 0 | ... S33: =R33*(1+$O$7) -> 0
A34: Insurance | D34: =IF(OR(E34=0,E34=""),"",(E34/12)/$E$5) | F34: =E34*(1+$O$7) -> 0 | G34: =F34*(1+$O$7) -> 0 | H34: =G34*(1+$O$7) -> 0 | I34: =H34*(1+$O$7) -> 0 | J34: =I34*(1+$O$7) -> 0 | K34: =J34*(1+$O$7) -> 0 | L34: =K34*(1+$O$7) -> 0 | M34: =L34*(1+$O$7) -> 0 | ... S34: =R34*(1+$O$7) -> 0
A35: LIHTC Fees | D35: =IF(OR(E35=0,E35=""),"",(E35/12)/$E$5) | F35: =$E$35 -> 0 | G35: =$E$35 -> 0 | H35: =$E$35 -> 0 | I35: =$E$35 -> 0 | J35: =$E$35 -> 0 | K35: =$E$35 -> 0 | L35: =$E$35 -> 0 | M35: =$E$35 -> 0 | ... S35: =$E$35 -> 0
A36: Elevator Maintenance | D36: =IF(OR(E36=0,E36=""),"",(E36/12)/$E$5) | F36: =E36*(1+$O$7) -> 0 | G36: =F36*(1+$O$7) -> 0 | H36: =G36*(1+$O$7) -> 0 | I36: =H36*(1+$O$7) -> 0 | J36: =I36*(1+$O$7) -> 0 | K36: =J36*(1+$O$7) -> 0 | L36: =K36*(1+$O$7) -> 0 | M36: =L36*(1+$O$7) -> 0 | ... S36: =R36*(1+$O$7) -> 0
A37: Snow Removal | D37: =IF(OR(E37=0,E37=""),"",(E37/12)/$E$5) | F37: =E37*(1+$O$7) -> 0 | G37: =F37*(1+$O$7) -> 0 | H37: =G37*(1+$O$7) -> 0 | I37: =H37*(1+$O$7) -> 0 | J37: =I37*(1+$O$7) -> 0 | K37: =J37*(1+$O$7) -> 0 | L37: =K37*(1+$O$7) -> 0 | M37: =L37*(1+$O$7) -> 0 | ... S37: =R37*(1+$O$7) -> 0
A38: Security | D38: =IF(OR(E38=0,E38=""),"",(E38/12)/$E$5) | F38: =E38*(1+$O$7) -> 0 | G38: =F38*(1+$O$7) -> 0 | H38: =G38*(1+$O$7) -> 0 | I38: =H38*(1+$O$7) -> 0 | J38: =I38*(1+$O$7) -> 0 | K38: =J38*(1+$O$7) -> 0 | L38: =K38*(1+$O$7) -> 0 | M38: =L38*(1+$O$7) -> 0 | ... S38: =R38*(1+$O$7) -> 0 | T38: =IF(AND(E39<>0,A39="F. Other Income:"),"Describe Other Source of Income","")
A39: Pest Control | D39: =IF(OR(E39=0,E39=""),"",(E39/12)/$E$5) | F39: =E39*(1+$O$7) -> 0 | G39: =F39*(1+$O$7) -> 0 | H39: =G39*(1+$O$7) -> 0 | I39: =H39*(1+$O$7) -> 0 | J39: =I39*(1+$O$7) -> 0 | K39: =J39*(1+$O$7) -> 0 | L39: =K39*(1+$O$7) -> 0 | M39: =L39*(1+$O$7) -> 0 | ... S39: =R39*(1+$O$7) -> 0
A40: Telephone/Internet | F40: =E40*(1+$O$7) -> 0 | G40: =F40*(1+$O$7) -> 0 | H40: =G40*(1+$O$7) -> 0 | I40: =H40*(1+$O$7) -> 0 | J40: =I40*(1+$O$7) -> 0 | K40: =J40*(1+$O$7) -> 0 | L40: =K40*(1+$O$7) -> 0 | M40: =L40*(1+$O$7) -> 0 | ... S40: =R40*(1+$O$7) -> 0 | T40: =IF(AND(E41<>0,A41="F. Other Income:"),"Describe Other Source of Income","")
A41: Other: | D41: =IF(OR(E41=0,E41=""),"",(E41/12)/$E$5) | F41: =E41*(1+$O$7) -> 0 | G41: =F41*(1+$O$7) -> 0 | H41: =G41*(1+$O$7) -> 0 | I41: =H41*(1+$O$7) -> 0 | J41: =I41*(1+$O$7) -> 0 | K41: =J41*(1+$O$7) -> 0 | L41: =K41*(1+$O$7) -> 0 | M41: =L41*(1+$O$7) -> 0 | ... S41: =R41*(1+$O$7) -> 0 | T41: =IF(AND(E42<>0,A42="F. Other Income:"),"Describe Other Source of Income","")
A42: Other: | D42: =IF(OR(E42=0,E42=""),"",(E42/12)/$E$5) | F42: =E42*(1+$O$7) -> 0 | G42: =F42*(1+$O$7) -> 0 | H42: =G42*(1+$O$7) -> 0 | I42: =H42*(1+$O$7) -> 0 | J42: =I42*(1+$O$7) -> 0 | K42: =J42*(1+$O$7) -> 0 | L42: =K42*(1+$O$7) -> 0 | M42: =L42*(1+$O$7) -> 0 | ... S42: =R42*(1+$O$7) -> 0 | T42: =IF(OR(AND(E43>0,X42>0),(AND(E43>0,Y42>0))),"Check 'Sources of Funds' for possible tax abatements","")
A43: Real Estate Taxes | D43: =IF(OR(E43=0,E43=""),"",(E43/12)/$E$5) | F43: =E43*(1+$O$7) -> 0 | G43: =F43*(1+$O$7) -> 0 | H43: =G43*(1+$O$7) -> 0 | I43: =H43*(1+$O$7) -> 0 | J43: =I43*(1+$O$7) -> 0 | K43: =J43*(1+$O$7) -> 0 | L43: =K43*(1+$O$7) -> 0 | M43: =L43*(1+$O$7) -> 0 | ... S43: =R43*(1+$O$7) -> 0
A44: Local & State Assessments | D44: =IF(OR(E44=0,E44=""),"",(E44/12)/$E$5) | F44: =E44*(1+$O$7) -> 0 | G44: =F44*(1+$O$7) -> 0 | H44: =G44*(1+$O$7) -> 0 | I44: =H44*(1+$O$7) -> 0 | J44: =I44*(1+$O$7) -> 0 | K44: =J44*(1+$O$7) -> 0 | L44: =K44*(1+$O$7) -> 0 | M44: =L44*(1+$O$7) -> 0 | ... S44: =R44*(1+$O$7) -> 0 | T44: =IF(AND(E45<>0,A45="F. Other Income:"),"Describe Other Source of Income","")
A45: Other: | D45: =IF(OR(E45=0,E45=""),"",(E45/12)/$E$5) | F45: =E45*(1+$O$7) -> 0 | G45: =F45*(1+$O$7) -> 0 | H45: =G45*(1+$O$7) -> 0 | I45: =H45*(1+$O$7) -> 0 | J45: =I45*(1+$O$7) -> 0 | K45: =J45*(1+$O$7) -> 0 | L45: =K45*(1+$O$7) -> 0 | M45: =L45*(1+$O$7) -> 0 | ... S45: =R45*(1+$O$7) -> 0
A46: Total Operating Expenses | D46: =IF(OR(E46=0,E46=""),"",ROUND((E46/E5),0)) | E46: =SUM(E22:E45) -> 0 | F46: =SUM(F22:F45) -> 0 | G46: =SUM(G22:G45) -> 0 | H46: =SUM(H22:H45) -> 0 | I46: =SUM(I22:I45) -> 0 | J46: =SUM(J22:J45) -> 0 | K46: =SUM(K22:K45) -> 0 | L46: =SUM(L22:L45) -> 0 | ... S46: =SUM(S22:S45) -> 0
V47: =SUM(E49:S49) -> 0 | W47: REPLACEMENT RESERVES
A48: RESERVES | C48: Reserve Escalator: | T48: =IF(AND(E50<>0,A50="F. Other Income:"),"Describe Other Source of Income","") | V48: =SUM(E50:S50) -> 0 | W48: OPERATING RESERVES
A49: Replacement Reserves | D49: =IF(OR(E49=0,E49=""),"",(E49/12)/$E$5) | F49: =E49*(1+$E$48) -> 0 | G49: =F49*(1+$E$48) -> 0 | H49: =G49*(1+$E$48) -> 0 | I49: =H49*(1+$E$48) -> 0 | J49: =I49*(1+$E$48) -> 0 | K49: =J49*(1+$E$48) -> 0 | L49: =K49*(1+$E$48) -> 0 | M49: =L49*(1+$E$48) -> 0 | ... S49: =R49*(1+$E$48) -> 0
A50: Other: | D50: =IF(OR(E50=0,E50=""),"",(E50/12)/$E$5) | F50: =E50*(1+$E$48) -> 0 | G50: =F50*(1+$E$48) -> 0 | H50: =G50*(1+$E$48) -> 0 | I50: =H50*(1+$E$48) -> 0 | J50: =I50*(1+$E$48) -> 0 | K50: =J50*(1+$E$48) -> 0 | L50: =K50*(1+$E$48) -> 0 | M50: =L50*(1+$E$48) -> 0 | ... S50: =R50*(1+$E$48) -> 0
A51: Total Reserves & Operating Expenses | E51: =SUM(E49:E50,E46) -> 0 | F51: =SUM(F49:F50,F46) -> 0 | G51: =SUM(G49:G50,G46) -> 0 | H51: =SUM(H49:H50,H46) -> 0 | I51: =SUM(I49:I50,I46) -> 0 | J51: =SUM(J49:J50,J46) -> 0 | K51: =SUM(K49:K50,K46) -> 0 | L51: =SUM(L49:L50,L46) -> 0 | ... S51: =SUM(S49:S50,S46) -> 0
A52: NET INCOME | E52: =E19-E51 -> 0 | F52: =F19-F51 -> 0 | G52: =G19-G51 -> 0 | H52: =H19-H51 -> 0 | I52: =I19-I51 -> 0 | J52: =J19-J51 -> 0 | K52: =K19-K51 -> 0 | L52: =L19-L51 -> 0 | ... S52: =S19-S51 -> 0
V53: =SUM(E58:S58) -> 0 | W53: DEFERRED FEE CUMULATIVE REPAID
A54: ANNUAL DEBT SERVICE
A55: New Debt Payments | E55: ='Sources of Funds Worksheet'!W20 -> 0 | F55: ='Sources of Funds Worksheet'!X20 -> 0 | G55: ='Sources of Funds Worksheet'!Y20 -> 0 | H55: ='Sources of Funds Worksheet'!Z20 -> 0 | I55: ='Sources of Funds Worksheet'!AA20 -> 0 | J55: ='Sources of Funds Worksheet'!AB20 -> 0 | K55: ='Sources of Funds Worksheet'!AC20 -> 0 | L55: ='Sources of Funds Worksheet'!AD20 -> 0 | ... S55: ='Sources of Funds Worksheet'!AK20 -> 0 | V55: =IF(ABS(V53-'Sources of Funds Worksheet'!D10)<=1,"TRUE","FALSE") -> TRUE | W55: DDF REPAID?
A56: Existing Debt Payments | E56: ='Sources of Funds Worksheet'!W26 -> 0 | F56: ='Sources of Funds Worksheet'!X26 -> 0 | G56: ='Sources of Funds Worksheet'!Y26 -> 0 | H56: ='Sources of Funds Worksheet'!Z26 -> 0 | I56: ='Sources of Funds Worksheet'!AA26 -> 0 | J56: ='Sources of Funds Worksheet'!AB26 -> 0 | K56: ='Sources of Funds Worksheet'!AC26 -> 0 | L56: ='Sources of Funds Worksheet'!AD26 -> 0 | ... S56: ='Sources of Funds Worksheet'!AK26 -> 0 | V56: =S67/E5 -> #DIV/0! | W56: CUMULATIVE CASH FLOW PER UNIT
A57: INITIAL CASH FLOW | E57: =E52-E55-E56 -> 0 | F57: =F52-F55-F56 -> 0 | G57: =G52-G55-G56 -> 0 | H57: =H52-H55-H56 -> 0 | I57: =I52-I55-I56 -> 0 | J57: =J52-J55-J56 -> 0 | K57: =K52-K55-K56 -> 0 | L57: =L52-L55-L56 -> 0 | ... S57: =S52-S55-S56 -> 0 | V57: =IF(E19=0,0,(E46+E49+E50+E55+E58)/E19) -> 0 | W57: EXPENSE TO INCOME RATIO
A58: Deferred Developer Fee Repay | E58: =IF(E57-E59-E60<0,0,IF((E57-E59-E60)>='Sources of Funds Worksheet'!$D$10,'Sources of Funds Worksheet'!$D$10,(E57-E59-E60))) -> 0 | F58: =IF(F57-F59-F60<0,0,IF(E58>='Sources of Funds Worksheet'!$D$10,0,IF((F57-F59-F60)>('Sources of Funds Worksheet'!$D$10-E58),('Sources of Funds Worksheet'!$D$10-E58),F57-F59-F60))) -> 0 | G58: =IF(G57-G59-G60<0,0,IF(SUM(F58+E58)>='Sources of Funds Worksheet'!$D$10,0,IF((G57-G59-G60)>('Sources of Funds Worksheet'!$D$10-(F58+E58)),('Sources of Funds Worksheet'!$D$10-(F58+E58)),G57-G59-G60))) -> 0 | H58: =IF(H57-H59-H60<0,0,IF((F58+E58+G58)>='Sources of Funds Worksheet'!$D$10,0,IF((H57-H59-H60)>('Sources of Funds Worksheet'!$D$10-(F58+E58+G58)),('Sources of Funds Worksheet'!$D$10-(F58+E58+G58)),H57-H59-H60))) -> 0 | I58: =IF(I57-I59-I60<0,0,IF((F58+E58+G58+H58)>='Sources of Funds Worksheet'!$D$10,0,IF((I57-I59-I60)>('Sources of Funds Worksheet'!$D$10-(F58+E58+G58+H58)),('Sources of Funds Worksheet'!$D$10-(F58+E58+G58+H58)),I57-I59-I60))) -> 0 | J58: =IF(J57-J59-J60<0,0,IF((F58+E58+G58+H58+I58)>='Sources of Funds Worksheet'!$D$10,0,IF((J57-J59-J60)>('Sources of Funds Worksheet'!$D$10-(F58+E58+G58+H58+I58)),('Sources of Funds Worksheet'!$D$10-(F58+E58+G58+H58+I58)),J57-J59-J60))) -> 0 | K58: =IF(K57-K59-K60<0,0,IF((F58+E58+G58+H58+I58+J58)>='Sources of Funds Worksheet'!$D$10,0,IF((K57-K59-K60)>('Sources of Funds Worksheet'!$D$10-(F58+E58+G58+H58+I58+J58)),('Sources of Funds Worksheet'!$D$10-(F58+E58+G58+H58+I58+J58)),K57-K59-K60))) -> 0 | L58: =IF(L57-L59-L60<0,0,IF((F58+E58+G58+H58+I58+J58+K58)>='Sources of Funds Worksheet'!$D$10,0,IF((L57-L59-L60)>('Sources of Funds Worksheet'!$D$10-(F58+E58+G58+H58+I58+J58+K58)),('Sources of Funds Worksheet'!$D$10-(F58+E58+G58+H58+I58+J58+K58)),L57-L59-L60))) -> 0 | M58: =IF(M57-M59-M60<0,0,IF((F58+E58+G58+H58+I58+J58+K58+L58)>='Sources of Funds Worksheet'!$D$10,0,IF((M57-M59-M60)>('Sources of Funds Worksheet'!$D$10-(F58+E58+G58+H58+I58+J58+K58+L58)),('Sources of Funds Worksheet'!$D$10-(F58+E58+G58+H58+I58+J58+K58+L58)),M57-M59-M60))) -> 0 | N58: =IF(N57-N59-N60<0,0,IF((F58+E58+G58+H58+I58+J58+K58+L58+M58)>='Sources of Funds Worksheet'!$D$10,0,IF((N57-N59-N60)>('Sources of Funds Worksheet'!$D$10-(F58+E58+G58+H58+I58+J58+K58+L58+M58)),('Sources of Funds Worksheet'!$D$10-(F58+E58+G58+H58+I58+J58+K58+L58+M58)),N57-N59-N60))) -> 0 | O58: =IF(O57-O59-O60<0,0,IF((F58+E58+G58+H58+I58+J58+K58+L58+M58+N58)>='Sources of Funds Worksheet'!$D$10,0,IF((O57-O59-O60)>('Sources of Funds Worksheet'!$D$10-(F58+E58+G58+H58+I58+J58+K58+L58+M58+N58)),('Sources of Funds Worksheet'!$D$10-(F58+E58+G58+H58+I58+J58+K58+L58+M58+N58)),O57-O59-O60))) -> 0 | P58: =IF(P57-P59-P60<0,0,IF((F58+E58+G58+H58+I58+J58+K58+L58+M58+N58+O58)>='Sources of Funds Worksheet'!$D$10,0,IF((P57-P59-P60)>('Sources of Funds Worksheet'!$D$10-(F58+E58+G58+H58+I58+J58+K58+L58+M58+N58+O58)),('Sources of Funds Worksheet'!$D$10-(F58+E58+G58+H58+I58+J58+K58+L58+M58+N58+O58)),P57-P59-P60))) -> 0 | Q58: =IF(Q57-Q59-Q60<0,0,IF((F58+E58+G58+H58+I58+J58+K58+L58+M58+N58+O58+P58)>='Sources of Funds Worksheet'!$D$10,0,IF((Q57-Q59-Q60)>('Sources of Funds Worksheet'!$D$10-(F58+E58+G58+H58+I58+J58+K58+L58+M58+N58+O58+P58)),('Sources of Funds Worksheet'!$D$10-(F58+E58+G58+H58+I58+J58+K58+L58+M58+N58+O58+P58)),Q57-Q59-Q60))) -> 0 | R58: =IF(R57-R59-R60<0,0,IF((F58+E58+G58+H58+I58+J58+K58+L58+M58+N58+O58+P58+Q58)>='Sources of Funds Worksheet'!$D$10,0,IF((R57-R59-R60)>('Sources of Funds Worksheet'!$D$10-(F58+E58+G58+H58+I58+J58+K58+L58+M58+N58+O58+P58+Q58)),('Sources of Funds Worksheet'!$D$10-(F58+E58+G58+H58+I58+J58+K58+L58+M58+N58+O58+P58+Q58)),R57-R59-R60))) -> 0 | S58: =IF(S57-S59-S60<0,0,IF((F58+E58+G58+H58+I58+J58+K58+L58+M58+N58+O58+P58+Q58+R58)>='Sources of Funds Worksheet'!$D$10,0,IF((S57-S59-S60)>('Sources of Funds Worksheet'!$D$10-(F58+E58+G58+H58+I58+J58+K58+L58+M58+N58+O58+P58+Q58+R58)),('Sources of Funds Worksheet'!$D$10-(F58+E58+G58+H58+I58+J58+K58+L58+M58+N58+O58+P58+Q58+R58)),S57-S59-S60))) -> 0 | V58: =(S67+'Services Pro Forma'!Q45)/('Housing Pro Forma'!E5*15) -> #DIV/0! | W58: OVERALL CUMULATIVE CASH FLOW PER UNIT
A59: Cash Flow Payments: Soft Debt | F59: =E59 -> 0 | G59: =F59 -> 0 | H59: =G59 -> 0 | I59: =H59 -> 0 | J59: =I59 -> 0 | K59: =J59 -> 0 | L59: =K59 -> 0 | M59: =L59 -> 0 | ... S59: =R59 -> 0 | V59: =S67+'Services Pro Forma'!Q45 -> 0 | W59: OVERALL CUMULATIVE CASH FLOW
A60: Other: | F60: =E60 -> 0 | G60: =F60 -> 0 | H60: =G60 -> 0 | I60: =H60 -> 0 | J60: =I60 -> 0 | K60: =J60 -> 0 | L60: =K60 -> 0 | M60: =L60 -> 0 | ... S60: =R60 -> 0
A61: SECONDARY CASH FLOW | E61: =E57-E58-E59-E60 -> 0 | F61: =F57-F58-F59-F60 -> 0 | G61: =G57-G58-G59-G60 -> 0 | H61: =H57-H58-H59-H60 -> 0 | I61: =I57-I58-I59-I60 -> 0 | J61: =J57-J58-J59-J60 -> 0 | K61: =K57-K58-K59-K60 -> 0 | L61: =L57-L58-L59-L60 -> 0 | ... S61: =S57-S58-S59-S60 -> 0
V62: =E61/E19 -> #DIV/0! | W62: CASH FLOW/GROSS INCOME
A63: DEBT CAPACITY MEASUREMENT
A64: Debt Coverage Ratio (DCR) | E64: =ROUND(IF('Feasibility Analysis Worksheet'!$E$13="Use EGI%",0,IF(ISNUMBER(E52/(E55+E56)),E52/(E55+E56),0)),2) -> 0 | F64: =ROUND(IF('Feasibility Analysis Worksheet'!$E$13="Use EGI%",0,IF(ISNUMBER(F52/(F55+F56)),F52/(F55+F56),0)),2) -> 0 | G64: =ROUND(IF('Feasibility Analysis Worksheet'!$E$13="Use EGI%",0,IF(ISNUMBER(G52/(G55+G56)),G52/(G55+G56),0)),2) -> 0 | H64: =ROUND(IF('Feasibility Analysis Worksheet'!$E$13="Use EGI%",0,IF(ISNUMBER(H52/(H55+H56)),H52/(H55+H56),0)),2) -> 0 | I64: =ROUND(IF('Feasibility Analysis Worksheet'!$E$13="Use EGI%",0,IF(ISNUMBER(I52/(I55+I56)),I52/(I55+I56),0)),2) -> 0 | J64: =ROUND(IF('Feasibility Analysis Worksheet'!$E$13="Use EGI%",0,IF(ISNUMBER(J52/(J55+J56)),J52/(J55+J56),0)),2) -> 0 | K64: =ROUND(IF('Feasibility Analysis Worksheet'!$E$13="Use EGI%",0,IF(ISNUMBER(K52/(K55+K56)),K52/(K55+K56),0)),2) -> 0 | L64: =ROUND(IF('Feasibility Analysis Worksheet'!$E$13="Use EGI%",0,IF(ISNUMBER(L52/(L55+L56)),L52/(L55+L56),0)),2) -> 0 | ... S64: =ROUND(IF('Feasibility Analysis Worksheet'!$E$13="Use EGI%",0,IF(ISNUMBER(S52/(S55+S56)),S52/(S55+S56),0)),2) -> 0
A65: Effective Gross Income % (EGI%) | E65: =IF(E64>0,0,IF(E51=0,0,E51/E19)) -> 0 | F65: =IF(F64>0,0,IF(F51=0,0,F51/F19)) -> 0 | G65: =IF(G64>0,0,IF(G51=0,0,G51/G19)) -> 0 | H65: =IF(H64>0,0,IF(H51=0,0,H51/H19)) -> 0 | I65: =IF(I64>0,0,IF(I51=0,0,I51/I19)) -> 0 | J65: =IF(J64>0,0,IF(J51=0,0,J51/J19)) -> 0 | K65: =IF(K64>0,0,IF(K51=0,0,K51/K19)) -> 0 | L65: =IF(L64>0,0,IF(L51=0,0,L51/L19)) -> 0 | ... S65: =IF(S64>0,0,IF(S51=0,0,S51/S19)) -> 0
A66: CUMULATIVE CASH FLOW (Before Cash Flow Payments) | E66: =E57 -> 0 | F66: =E66+F57 -> 0 | G66: =F66+G57 -> 0 | H66: =G66+H57 -> 0 | I66: =H66+I57 -> 0 | J66: =I66+J57 -> 0 | K66: =J66+K57 -> 0 | L66: =K66+L57 -> 0 | M66: =L66+M57 -> 0 | ... S66: =R66+S57 -> 0
A67: CUMULATIVE CASH FLOW (After Cash Flow Payments) | E67: =E61 -> 0 | F67: =E67+F61 -> 0 | G67: =F67+G61 -> 0 | H67: =G67+H61 -> 0 | I67: =H67+I61 -> 0 | J67: =I67+J61 -> 0 | K67: =J67+K61 -> 0 | L67: =K67+L61 -> 0 | M67: =L67+M61 -> 0 | ... S67: =R67+S61 -> 0
A69: Explanation: In the box below enter any explanation needed.
A76: ='Feasibility Analysis Worksheet'!C7 -> 0

Sheet Services Pro Forma
A2: FHLBank Topeka - - Affordable Housing Program
A3: Services Pro Forma
A4: Blue shaded areas indicate data to be entered by applicant.
A5: Tan shaded cells include formulas that will automatically calculate but can be overwritten.
A6: Yellow shaded cells are protected and indicate references to other cells in the workbook or formulas that should not be changed.
A8: Number of Units: | D8: ='Project Information'!F15 -> 0 | T8: Escalator
C9: Is this considered a Supportive Service Type Facility?
C10: Are any service expenses listed on the Housing Pro Forma? | J10: Revenue Escalator | M10: Expense Escalator | T10: 0.01
A11: =IF(D10="Yes","Service expenses CANNOT be included on the Housing Pro Forma. Remove services expenses from the Housing Pro Forma. If this is a Supportive Service Type facility, include on Services Pro Forma only.","") | T11: 0.02
A12: =IF(AND(D10="No",D9="No"),"You do not need to fill this worksheet out. Proceed to next tab.","")
C13: Year 1 | D13: Year 2 | E13: Year 3 | F13: Year 4 | G13: Year 5 | H13: Year 6 | I13: Year 7 | J13: Year 8 | K13: Year 9 | L13: Year 10 | M13: Year 11 | N13: Year 12 | O13: Year 13 | P13: Year 14 | Q13: Year 15 | S13: 0.03
A14: INCOME | S14: 0.04
A15: Service Income | D15: =C15*(1+$K$10) -> 0 | E15: =D15*(1+$K$10) -> 0 | F15: =E15*(1+$K$10) -> 0 | G15: =F15*(1+$K$10) -> 0 | H15: =G15*(1+$K$10) -> 0 | I15: =H15*(1+$K$10) -> 0 | J15: =I15*(1+$K$10) -> 0 | K15: =J15*(1+$K$10) -> 0 | ... Q15: =P15*(1+$K$10) -> 0 | R15: =IF(OR(AND(C15<>0,A15="D. Other Income:"),AND(C15<>0,A15="")),"Error: Describe Source of Other Income","")
A16: Service Income | D16: =C16*(1+$K$10) -> 0 | E16: =D16*(1+$K$10) -> 0 | F16: =E16*(1+$K$10) -> 0 | G16: =F16*(1+$K$10) -> 0 | H16: =G16*(1+$K$10) -> 0 | I16: =H16*(1+$K$10) -> 0 | J16: =I16*(1+$K$10) -> 0 | K16: =J16*(1+$K$10) -> 0 | ... Q16: =P16*(1+$K$10) -> 0 | R16: =IF(OR(AND(C16<>0,A16="E. Other Income:"),AND(C16<>0,A16="")),"Error: Describe Source of Other Income","")
A17: Service Income | D17: =C17*(1+$K$10) -> 0 | E17: =D17*(1+$K$10) -> 0 | F17: =E17*(1+$K$10) -> 0 | G17: =F17*(1+$K$10) -> 0 | H17: =G17*(1+$K$10) -> 0 | I17: =H17*(1+$K$10) -> 0 | J17: =I17*(1+$K$10) -> 0 | K17: =J17*(1+$K$10) -> 0 | ... Q17: =P17*(1+$K$10) -> 0 | R17: =IF(AND(C17<>0,A17="F. Other Income:"),"Describe Other Source of Income","")
A18: Total Service Income | C18: =SUM(C15:C17) -> 0 | D18: =SUM(D15:D17) -> 0 | E18: =SUM(E15:E17) -> 0 | F18: =SUM(F15:F17) -> 0 | G18: =SUM(G15:G17) -> 0 | H18: =SUM(H15:H17) -> 0 | I18: =SUM(I15:I17) -> 0 | J18: =SUM(J15:J17) -> 0 | ... Q18: =SUM(Q15:Q17) -> 0
A19: SERVICE EXPENSES
A20: Service Expense | B20: (specify) | D20: =C20*(1+$N$10) -> 0 | E20: =D20*(1+$N$10) -> 0 | F20: =E20*(1+$N$10) -> 0 | G20: =F20*(1+$N$10) -> 0 | H20: =G20*(1+$N$10) -> 0 | I20: =H20*(1+$N$10) -> 0 | J20: =I20*(1+$N$10) -> 0 | K20: =J20*(1+$N$10) -> 0 | ... Q20: =P20*(1+$N$10) -> 0
A21: Service Expense | B21: (specify) | D21: =C21*(1+$N$10) -> 0 | E21: =D21*(1+$N$10) -> 0 | F21: =E21*(1+$N$10) -> 0 | G21: =F21*(1+$N$10) -> 0 | H21: =G21*(1+$N$10) -> 0 | I21: =H21*(1+$N$10) -> 0 | J21: =I21*(1+$N$10) -> 0 | K21: =J21*(1+$N$10) -> 0 | ... Q21: =P21*(1+$N$10) -> 0
A22: Service Expense | B22: (specify) | D22: =C22*(1+$N$10) -> 0 | E22: =D22*(1+$N$10) -> 0 | F22: =E22*(1+$N$10) -> 0 | G22: =F22*(1+$N$10) -> 0 | H22: =G22*(1+$N$10) -> 0 | I22: =H22*(1+$N$10) -> 0 | J22: =I22*(1+$N$10) -> 0 | K22: =J22*(1+$N$10) -> 0 | ... Q22: =P22*(1+$N$10) -> 0
A23: Service Expense | B23: (specify) | D23: =C23*(1+$N$10) -> 0 | E23: =D23*(1+$N$10) -> 0 | F23: =E23*(1+$N$10) -> 0 | G23: =F23*(1+$N$10) -> 0 | H23: =G23*(1+$N$10) -> 0 | I23: =H23*(1+$N$10) -> 0 | J23: =I23*(1+$N$10) -> 0 | K23: =J23*(1+$N$10) -> 0 | ... Q23: =P23*(1+$N$10) -> 0
A24: Service Expense | B24: (specify) | D24: =C24*(1+$N$10) -> 0 | E24: =D24*(1+$N$10) -> 0 | F24: =E24*(1+$N$10) -> 0 | G24: =F24*(1+$N$10) -> 0 | H24: =G24*(1+$N$10) -> 0 | I24: =H24*(1+$N$10) -> 0 | J24: =I24*(1+$N$10) -> 0 | K24: =J24*(1+$N$10) -> 0 | ... Q24: =P24*(1+$N$10) -> 0
A25: Service Expense | B25: (specify) | D25: =C25*(1+$N$10) -> 0 | E25: =D25*(1+$N$10) -> 0 | F25: =E25*(1+$N$10) -> 0 | G25: =F25*(1+$N$10) -> 0 | H25: =G25*(1+$N$10) -> 0 | I25: =H25*(1+$N$10) -> 0 | J25: =I25*(1+$N$10) -> 0 | K25: =J25*(1+$N$10) -> 0 | ... Q25: =P25*(1+$N$10) -> 0
A26: Service Expense | B26: (specify) | D26: =C26*(1+$N$10) -> 0 | E26: =D26*(1+$N$10) -> 0 | F26: =E26*(1+$N$10) -> 0 | G26: =F26*(1+$N$10) -> 0 | H26: =G26*(1+$N$10) -> 0 | I26: =H26*(1+$N$10) -> 0 | J26: =I26*(1+$N$10) -> 0 | K26: =J26*(1+$N$10) -> 0 | ... Q26: =P26*(1+$N$10) -> 0
A27: Service Expense | B27: (specify) | D27: =C27*(1+$N$10) -> 0 | E27: =D27*(1+$N$10) -> 0 | F27: =E27*(1+$N$10) -> 0 | G27: =F27*(1+$N$10) -> 0 | H27: =G27*(1+$N$10) -> 0 | I27: =H27*(1+$N$10) -> 0 | J27: =I27*(1+$N$10) -> 0 | K27: =J27*(1+$N$10) -> 0 | ... Q27: =P27*(1+$N$10) -> 0
A28: Service Expense | B28: (specify) | D28: =C28*(1+$N$10) -> 0 | E28: =D28*(1+$N$10) -> 0 | F28: =E28*(1+$N$10) -> 0 | G28: =F28*(1+$N$10) -> 0 | H28: =G28*(1+$N$10) -> 0 | I28: =H28*(1+$N$10) -> 0 | J28: =I28*(1+$N$10) -> 0 | K28: =J28*(1+$N$10) -> 0 | ... Q28: =P28*(1+$N$10) -> 0
A29: Service Expense | B29: (specify) | D29: =C29*(1+$N$10) -> 0 | E29: =D29*(1+$N$10) -> 0 | F29: =E29*(1+$N$10) -> 0 | G29: =F29*(1+$N$10) -> 0 | H29: =G29*(1+$N$10) -> 0 | I29: =H29*(1+$N$10) -> 0 | J29: =I29*(1+$N$10) -> 0 | K29: =J29*(1+$N$10) -> 0 | ... Q29: =P29*(1+$N$10) -> 0
A30: Service Expense | B30: (specify) | D30: =C30*(1+$N$10) -> 0 | E30: =D30*(1+$N$10) -> 0 | F30: =E30*(1+$N$10) -> 0 | G30: =F30*(1+$N$10) -> 0 | H30: =G30*(1+$N$10) -> 0 | I30: =H30*(1+$N$10) -> 0 | J30: =I30*(1+$N$10) -> 0 | K30: =J30*(1+$N$10) -> 0 | ... Q30: =P30*(1+$N$10) -> 0
A31: Service Expense | B31: (specify) | D31: =C31*(1+$N$10) -> 0 | E31: =D31*(1+$N$10) -> 0 | F31: =E31*(1+$N$10) -> 0 | G31: =F31*(1+$N$10) -> 0 | H31: =G31*(1+$N$10) -> 0 | I31: =H31*(1+$N$10) -> 0 | J31: =I31*(1+$N$10) -> 0 | K31: =J31*(1+$N$10) -> 0 | ... Q31: =P31*(1+$N$10) -> 0
... A42: Service Expense | B42: (specify) | D42: =C42*(1+$N$10) -> 0 | E42: =D42*(1+$N$10) -> 0 | F42: =E42*(1+$N$10) -> 0 | G42: =F42*(1+$N$10) -> 0 | H42: =G42*(1+$N$10) -> 0 | I42: =H42*(1+$N$10) -> 0 | J42: =I42*(1+$N$10) -> 0 | K42: =J42*(1+$N$10) -> 0 | ... Q42: =P42*(1+$N$10) -> 0
A43: Total Service Expenses | C43: =SUM(C20:C42) -> 0 | D43: =SUM(D20:D42) -> 0 | E43: =SUM(E20:E42) -> 0 | F43: =SUM(F20:F42) -> 0 | G43: =SUM(G20:G42) -> 0 | H43: =SUM(H20:H42) -> 0 | I43: =SUM(I20:I42) -> 0 | J43: =SUM(J20:J42) -> 0 | ... Q43: =SUM(Q20:Q42) -> 0 | R43: =C43/D8 -> #DIV/0! | S43: Services pupa
A44: NET SERVICE INCOME | C44: =C18-C43 -> 0 | D44: =D18-D43 -> 0 | E44: =E18-E43 -> 0 | F44: =F18-F43 -> 0 | G44: =G18-G43 -> 0 | H44: =H18-H43 -> 0 | I44: =I18-I43 -> 0 | J44: =J18-J43 -> 0 | ... Q44: =Q18-Q43 -> 0
A45: Cumulative Cash Flow | C45: =C44 -> 0 | D45: =C45+D44 -> 0 | E45: =D45+E44 -> 0 | F45: =E45+F44 -> 0 | G45: =F45+G44 -> 0 | H45: =G45+H44 -> 0 | I45: =H45+I44 -> 0 | J45: =I45+J44 -> 0 | K45: =J45+K44 -> 0 | ... Q45: =P45+Q44 -> 0
A48: Explanation: In the box below enter any explanation needed.

Sheet Feasibility Analysis Worksheet
A1: FHLBank Topeka - - Affordable Housing Program
A2: Feasibility Analysis Worksheet
A3: Project Name: | F3: Total Units:
A4: =IF('Project Information'!B5="","",'Project Information'!B5) | F4: ='Project Information'!F15 -> 0
A5: Provide explanation in AHP Online for each issue identified.
A6: Pro Forma | B6: Amount | C6: AHP Guideline | E6: Actual
A7: Management Fees | B7: ='Housing Pro Forma'!E22 -> 0 | C7: =IF($F$4=0,0,IF($F$4<21,15%,IF($F$4>=50,5%,10%))) -> 0 | E7: ='Housing Pro Forma'!C22 -> 0 | H7: =IF(E7>C7,"Management Fee Exceeds Guideline","") | J7: Management Fee within Guideline | L7: =IF(E7<=C7,"TRUE","FALSE") -> TRUE
A8: Operating Costs - Yr 1 | B8: ='Housing Pro Forma'!$E$46 -> 0 | C8: $3200 Min - $6000 Max | E8: =ROUND(IF(B8=0,0,B8/$F$4),0) -> 0 | H8: =IF(B8=0,"",IF(E8<3200,"Operating Costs does not meet Guideline",IF(E8>6000,"Operating Costs Exceed Guideline",""))) | J8: Expense PUPA Minimum | K8: 3200
A9: Replacement Reserves (Min and Max per unit) | B9: =MAX('Housing Pro Forma'!E49:S49) -> 0 | C9: $250 - $500 per unit annually | E9: =MIN('Housing Pro Forma'!E49:T49)/F4 -> #DIV/0! | F9: =MAX('Housing Pro Forma'!E49:T49)/F4 -> #DIV/0! | H9: =IF(F4=0,"",IF(AND(E9<250,F9>500),"Annual Replacement Reserves exceed maximum AND do not meet minimum guideline",IF(E9<250,"Annual Replacement Reserves do not meet minimum guideline",IF(F9>500,"Annual Replacement Reserves exceed maximum guideline","")))) | J9: Expense PUPA Maximum | K9: 6000
A10: Debt Coverage Ratio - 15 year Minimum | C10: 1.05 | E10: =IF('Housing Pro Forma'!E64=0,0,SMALL('Housing Pro Forma'!E64:S64,COUNTIF('Housing Pro Forma'!E64:S64,0)+1)) -> 0 | H10: =IF(E10=0,"",IF(E10<C10,"Min DCR below Guideline","")) | J10: Annual Replacement Reserve | K10: =IF(OR(E9<250,F9>500),IF(E9<250,E9,F9),F9) -> #DIV/0!
A11: Debt Coverage Ratio - 15 year Maximum | C11: 1.5 | E11: =MAX('Housing Pro Forma'!E64:S64) -> 0 | H11: =IF(E11>C11,"Max DCR above Guideline","") | J11: DCR | K11: =IF(E13="Use DCR",IF(OR(E10<1.05,E11>1.5),IF(E10<1.05,E10,E11),E11),"NA") -> 0
A12: EGI % (Min and Max) | C12: % of EGI between .85 and 1 | E12: =IF(SUM('Housing Pro Forma'!E65:S65)=0,0,SMALL('Housing Pro Forma'!E65:S65,COUNTIF('Housing Pro Forma'!E65:S65,0)+1)) -> 0 | F12: =IF(SUM('Housing Pro Forma'!E65:S65)=0,0,MAX('Housing Pro Forma'!E65:S65)) -> 0 | H12: =IF(AND(E12=0,F12=0),"",IF(E12<85%,"EGI% is less than Guideline", IF(F12>100%,"EGI% exceeds Guideline",""))) | J12: EGI% | K12: =IF(OR(E13="Use EGI%",E12>0,F12>0),IF(OR(E12<0.85,F12>1),IF(E12<0.85,E12,F12),F12),"NA") -> NA
A13: Debt Capacity Measurement - Debt Service $/TDC $ | B13: =IF('Development Budget Worksheet'!C119=0,"",'Sources of Funds Worksheet'!D50/'Development Budget Worksheet'!C119) | E13: {=IF(OR($B$13<3%, AND(COUNTIF('Sources of Funds Worksheet'!I7:I25, "P&I Payments")=0, SUMPRODUCT( -- ('Sources of Funds Worksheet'!I7:I25 = {"Interest Only","Deferred","Cash Flow Payments"}))>0)), "Use EGI%", "Use DCR")} -> Use DCR
A14: Development Budget
A15: Contingency Hard Costs - New Only | B15: =IF('Development Budget Worksheet'!$C$30>0,IF('Development Budget Worksheet'!$C$31=0,'Development Budget Worksheet'!$C$36,"FALSE"),"FALSE") -> FALSE | C15: 0.1 | E15: =IF(B15="FALSE",0,B15/('Development Budget Worksheet'!$C$42+'Development Budget Worksheet'!C27-'Development Budget Worksheet'!$C$36)) -> 0 | H15: =IF(E15>C15,"Hard Costs Contingency Exceeds Guideline for New Construction","") | J15: Project's Contingency: | K15: =MAX(E15,E16,E17) -> 0
A16: Contingency Hard Costs - Rehab Only | B16: =IF('Development Budget Worksheet'!$C$31>0,IF('Development Budget Worksheet'!$C$30=0,'Development Budget Worksheet'!$C$36,"FALSE"),"FALSE") -> FALSE | C16: 0.15 | E16: =IF(B16="FALSE",0,B16/('Development Budget Worksheet'!$C$42+'Development Budget Worksheet'!C27-'Development Budget Worksheet'!$C$36)) -> 0 | H16: =IF(E16>C16,"Hard Costs Contingency Exceeds Guideline for Rehab","") | J16: Contingency Guideline: | K16: =IF(E15>0,C15,IF(E16>0,C16,IF(E17>0,C17,0))) -> 0
A17: Contingency Hard Costs - New and Rehab Combined | B17: =IF('Development Budget Worksheet'!$C$31>0,IF('Development Budget Worksheet'!$C$30>0,'Development Budget Worksheet'!$C$36,"FALSE"),"FALSE") -> FALSE | C17: =IF(E17=0,0,('Development Budget Worksheet'!C30/('Development Budget Worksheet'!C30+'Development Budget Worksheet'!C31)*C15)+('Development Budget Worksheet'!C31/('Development Budget Worksheet'!C30+'Development Budget Worksheet'!C31)*C16)) -> 0 | E17: =IF(B17="FALSE",0,B17/('Development Budget Worksheet'!$C$42+'Development Budget Worksheet'!C27-'Development Budget Worksheet'!$C$36)) -> 0 | H17: =IF(E17>C17,"Hard Costs Contingency Exceeds Guideline for New/Rehab","")
A18: Contingency Soft Costs | B18: ='Development Budget Worksheet'!C89 -> 0 | C18: 0.03 | E18: =IF(B18=0,0,B18/('Development Budget Worksheet'!$C$94-'Development Budget Worksheet'!$C$89)) -> 0 | H18: =IF(B18=0,"",IF(('Development Budget Worksheet'!$C$94-'Development Budget Worksheet'!$C$89)=0,"Explain why soft cost contingency is included without any other soft costs.",IF(E18>C18,"Cont. Soft Costs Exceed Guideline","")))
A19: Operating Reserves (capitalized) | B19: ='Development Budget Worksheet'!C112 -> 0 | C19: ProForma Yr1 =12 mos | E19: =IF(B19=0,0,B19/('Housing Pro Forma'!E46/12)) -> 0 | H19: =IF(E19>12,"Capitalized Operating Reserves Exceed Guideline","")
A20: Replacement Reserves (capitalized) | B20: ='Development Budget Worksheet'!C113 -> 0 | C20: Max $350 per unit | E20: =IF(B20=0,0,B20/(F4)) -> 0 | H20: =IF(E20>350,"Capitalized Replacement Reserves Exceeds Guideline","") | J20: Average DDF repaid/year | K20: =E22/15 -> 0
A21: Debt Service Reserves | B21: ='Development Budget Worksheet'!$C$114 -> 0 | C21: Avg Annual DS =9 mos | E21: =IF(B21=0,0,B21/('Sources of Funds Worksheet'!K20/12)) -> 0 | H21: =IF(E21>9,"Debt Service Reserves Exceed Guideline","") | J21: Years to Payoff DDF | K21: =IF(B22=0,0,B22/K20) -> 0
A22: Deferred Developer Fee Repayment | B22: ='Sources of Funds Worksheet'!D10 -> 0 | E22: =SUM('Housing Pro Forma'!E58:S58) -> 0 | H22: =IF(B22=E22,"","DDF repayment on Pro Forma does not match DDF on Sources of funds") | J22: Is DDF repaid? | K22: =IF(E22>=B22,TRUE,FALSE) -> TRUE
A23: Contractor Fees | B23: =SUM('Development Budget Worksheet'!E33:E35) -> 0 | C23: 0.12 | E23: =IF(B23=0,0,B23/SUM('Development Budget Worksheet'!E27,'Development Budget Worksheet'!E30:E32,'Development Budget Worksheet'!E37:E40)) -> 0 | H23: =IF(E23>C23,"Contractor Fees Exceed Guideline","")
A24: Developer and Consultant Fee | B24: ='Development Budget Worksheet'!E108 -> 0 | C24: 0.15 | E24: =IF(B24=0,0,B24/('Development Budget Worksheet'!E123-'Development Budget Worksheet'!E108-'Development Budget Worksheet'!E8-MAX(0,'Feasibility Analysis Worksheet'!B23-('Feasibility Analysis Worksheet'!C23*SUM('Development Budget Worksheet'!E27,'Development Budget Worksheet'!E30:E32,'Development Budget Worksheet'!E37:E40)))-'Development Budget Worksheet'!E117)) -> 0 | H24: =IF(E24>C24,"Developer Fee Exceeds Guideline","")
A25: Sources of Funds
A26: Construction Loan Fee | B26: =VLOOKUP(E26,'Sources of Funds Worksheet'!T31:U38,2,0) -> 0 | C26: 0.02 | E26: =MAX('Sources of Funds Worksheet'!T31:T38) -> 0 | H26: =IF(AND(E26=0,B26>1),"Loan Fee with no Construction/Interim Loan on Sources of Funds?",IF(E26>C26,"Const. Loan Fee Exceeds Guideline",""))
A27: Permanent Loan Fee | B27: =VLOOKUP(E27,'Sources of Funds Worksheet'!AL6:AM18,2,0) -> 0 | C27: 0.02 | E27: =MAX('Sources of Funds Worksheet'!AL6:AL18) -> 0 | H27: =IF(AND(E27=0,B27>1),"Loan Fee with no Permanent Loan on Sources of Funds?",IF(E27>C27,"Permanent Loan Fee Exceeds Guideline",""))
A28: Construction Loan Interest Rate - Maximum | C28: 0.09532 | E28: =MAX('Sources of Funds Worksheet'!E31:E38) -> 0 | H28: =IF(E28>C28,"Construction Loan Interest Rate exceeds maximum Guideline","")
A29: Permanent Loan Interest Rate - Highest | B29: {=IF(AND(H29="",H30=""),MAX(E29:F30),MAX(IF(H29:H30<>"",E29:F30,"")))} -> 0 | C29: Max 15 yr | D29: 0.07532 | E29: =MAX('Sources of Funds Worksheet'!AQ6:AQ18) -> 0 | H29: =IF(E29>D29,"Highest 15yr Perm Loan Rate exceeds maximum Guideline","")
B30: {=MIN(IF(E29:F30=B29,D29:D30))} -> 0.07532 | C30: Max 30 yr | D30: 0.07803 | E30: =MAX('Sources of Funds Worksheet'!AR6:AR18) -> 0 | H30: =IF(E30>D30,"Highest 30yr Perm Loan Rate exceeds maximum Guideline","")

Sheet Download
A1: fundsSources[0].description | B1: ='Sources of Funds Worksheet'!A10 -> Deferred Developer Fee | D1: Housing | E1: unmerged the cell
A2: fundsSources[0].descriptionCode.code | B2: ='Sources of Funds Worksheet'!S10 -> 19 | D2: Housing | E2: Topeka doesn't have this field
A3: fundsSources[0].amount | B3: ='Sources of Funds Worksheet'!D10 -> 0 | D3: Housing
A4: fundsSources[0].rate | B4: ='Sources of Funds Worksheet'!E10 -> 0 | D4: Housing
A5: fundsSources[0].term | B5: ='Sources of Funds Worksheet'!U10 -> 0 | D5: Housing | E5: month vs years
A6: fundsSources[0].isApproved | B6: ='Sources of Funds Worksheet'!T10 -> N | D6: Housing
A7: fundsSources[0].housingCommercial | B7: Housing | D7: Housing | E7: Hard coded???
A8: fundsSources[0].amortPeriod | B8: ='Sources of Funds Worksheet'!V10 -> 0 | D8: Housing | E8: months vs years
A9: fundsSources[0].annualDebtSvc | B9: ='Sources of Funds Worksheet'!K10 | D9: Housing
A10: fundsSources[0].hardDebt | B10: ='Sources of Funds Worksheet'!P10 | D10: Housing
A11: fundsSources[0].rownum | B11: 1 | F11: numeric field
A12: fundsSources[1].description | B12: ='Sources of Funds Worksheet'!A8 -> LIHTC | D12: Housing
A13: fundsSources[1].descriptionCode.code | B13: ='Sources of Funds Worksheet'!S8 -> 4 | D13: Housing | E13: Topeka doesn't have this field
A14: fundsSources[1].amount | B14: ='Sources of Funds Worksheet'!D8 -> 0 | D14: Housing
A15: fundsSources[1].rate | B15: ='Sources of Funds Worksheet'!E8 -> 0 | D15: Housing
A16: fundsSources[1].term | B16: ='Sources of Funds Worksheet'!U8 -> 0 | D16: Housing
A17: fundsSources[1].isApproved | B17: ='Sources of Funds Worksheet'!T8 -> N | D17: Housing
A18: fundsSources[1].housingCommercial | B18: Housing | D18: Housing | E18: Hard coded???
A19: fundsSources[1].amortPeriod | B19: ='Sources of Funds Worksheet'!V8 -> 0 | D19: Housing
A20: fundsSources[1].annualDebtSvc | B20: ='Sources of Funds Worksheet'!K8 | D20: Housing
A21: fundsSources[1].hardDebt | B21: ='Sources of Funds Worksheet'!P8 | D21: Housing
A22: fundsSources[1].rownum | B22: 2 | F22: numeric field
A23: fundsSources[2].description | B23: ='Sources of Funds Worksheet'!A7 -> Permanent Loan* | D23: Housing
A24: fundsSources[2].descriptionCode.code | B24: ='Sources of Funds Worksheet'!S7 -> 2 | D24: Housing | E24: Topeka doesn't have this field
A25: fundsSources[2].amount | B25: ='Sources of Funds Worksheet'!D7 -> 0 | D25: Housing
A26: fundsSources[2].rate | B26: ='Sources of Funds Worksheet'!E7 -> 0 | D26: Housing
A27: fundsSources[2].term | B27: ='Sources of Funds Worksheet'!U7 -> 0 | D27: Housing
A28: fundsSources[2].isApproved | B28: ='Sources of Funds Worksheet'!T7 -> N | D28: Housing
A29: fundsSources[2].housingCommercial | B29: Housing | D29: Housing | E29: Hard coded???
A30: fundsSources[2].amortPeriod | B30: ='Sources of Funds Worksheet'!V7 -> 0 | D30: Housing
A31: fundsSources[2].annualDebtSvc | B31: ='Sources of Funds Worksheet'!K7 | D31: Housing
A32: fundsSources[2].hardDebt | B32: ='Sources of Funds Worksheet'!P7 | D32: Housing
A33: fundsSources[2].rownum | B33: 3 | F33: numeric field
A34: fundsSources[3].description | B34: ='Sources of Funds Worksheet'!A11 -> HOME | D34: Housing
A35: fundsSources[3].descriptionCode.code | B35: ='Sources of Funds Worksheet'!S11 -> 8 | D35: Housing | E35: Topeka doesn't have this field
A36: fundsSources[3].amount | B36: ='Sources of Funds Worksheet'!D11 -> 0 | D36: Housing
A37: fundsSources[3].rate | B37: ='Sources of Funds Worksheet'!E11 -> 0 | D37: Housing
A38: fundsSources[3].term | B38: ='Sources of Funds Worksheet'!U11 -> 0 | D38: Housing
A39: fundsSources[3].isApproved | B39: ='Sources of Funds Worksheet'!T11 -> N | D39: Housing
A40: fundsSources[3].housingCommercial | B40: Housing | D40: Housing | E40: Hard coded???
A41: fundsSources[3].amortPeriod | B41: ='Sources of Funds Worksheet'!V11 -> 0 | D41: Housing
A42: fundsSources[3].annualDebtSvc | B42: ='Sources of Funds Worksheet'!K10 | D42: Housing
A43: fundsSources[3].hardDebt | B43: ='Sources of Funds Worksheet'!P11 | D43: Housing
A44: fundsSources[3].rownum | B44: 4 | F44: numeric field
A45: fundsSources[4].description | B45: ='Sources of Funds Worksheet'!A12 -> 0 | D45: Housing
A46: fundsSources[4].descriptionCode.code | B46: ='Sources of Funds Worksheet'!S12 -> NA | D46: Housing | E46: Topeka doesn't have this field
A47: fundsSources[4].amount | B47: ='Sources of Funds Worksheet'!D12 -> 0 | D47: Housing
A48: fundsSources[4].rate | B48: ='Sources of Funds Worksheet'!E12 -> 0 | D48: Housing
A49: fundsSources[4].term | B49: ='Sources of Funds Worksheet'!U12 -> 0 | D49: Housing
A50: fundsSources[4].isApproved | B50: ='Sources of Funds Worksheet'!T12 -> N | D50: Housing
A51: fundsSources[4].housingCommercial | B51: Housing | D51: Housing | E51: Hard coded???
A52: fundsSources[4].amortPeriod | B52: ='Sources of Funds Worksheet'!V12 -> 0 | D52: Housing
A53: fundsSources[4].annualDebtSvc | B53: ='Sources of Funds Worksheet'!K12 | D53: Housing
A54: fundsSources[4].hardDebt | B54: ='Sources of Funds Worksheet'!P12 | D54: Housing
A55: fundsSources[4].rownum | B55: 5 | F55: numeric field
A56: fundsSources[5].description | B56: ='Sources of Funds Worksheet'!A9 -> Owner Equity | D56: Housing
A57: fundsSources[5].descriptionCode.code | B57: ='Sources of Funds Worksheet'!S9 -> 18 | D57: Housing
A58: fundsSources[5].amount | B58: ='Sources of Funds Worksheet'!D9 -> 0 | D58: Housing
A59: fundsSources[5].rate | B59: ='Sources of Funds Worksheet'!E9 -> 0 | D59: Housing
A60: fundsSources[5].term | B60: ='Sources of Funds Worksheet'!U9 -> 0 | D60: Housing
A61: fundsSources[5].isApproved | B61: ='Sources of Funds Worksheet'!T9 -> N | D61: Housing
A62: fundsSources[5].housingCommercial | B62: Housing | D62: Housing
A63: fundsSources[5].amortPeriod | B63: ='Sources of Funds Worksheet'!V9 -> 0 | D63: Housing
A64: fundsSources[5].annualDebtSvc | B64: ='Sources of Funds Worksheet'!K9 | D64: Housing
A65: fundsSources[5].hardDebt | B65: ='Sources of Funds Worksheet'!P9 | D65: Housing
A66: fundsSources[5].rownum | B66: 6 | F66: numeric field
A67: fundsSources[6].description | B67: ='Sources of Funds Worksheet'!A13 -> 0 | D67: Housing
A68: fundsSources[6].descriptionCode.code | B68: ='Sources of Funds Worksheet'!S13 -> NA | D68: Housing
A69: fundsSources[6].amount | B69: ='Sources of Funds Worksheet'!D13 -> 0 | D69: Housing
A70: fundsSources[6].rate | B70: ='Sources of Funds Worksheet'!E13 -> 0 | D70: Housing
A71: fundsSources[6].term | B71: ='Sources of Funds Worksheet'!U13 -> 0 | D71: Housing
A72: fundsSources[6].isApproved | B72: ='Sources of Funds Worksheet'!T13 -> N | D72: Housing
A73: fundsSources[6].housingCommercial | B73: Housing | D73: Housing
A74: fundsSources[6].amortPeriod | B74: ='Sources of Funds Worksheet'!V13 -> 0 | D74: Housing
A75: fundsSources[6].annualDebtSvc | B75: ='Sources of Funds Worksheet'!K13 | D75: Housing
A76: fundsSources[6].hardDebt | B76: ='Sources of Funds Worksheet'!P13 | D76: Housing
A77: fundsSources[6].rownum | B77: 7 | F77: numeric field
A78: fundsSources[7].description | B78: ='Sources of Funds Worksheet'!A14 -> 0 | D78: Housing
A79: fundsSources[7].descriptionCode.code | B79: ='Sources of Funds Worksheet'!S14 -> NA | D79: Housing
A80: fundsSources[7].amount | B80: ='Sources of Funds Worksheet'!D14 -> 0 | D80: Housing
A81: fundsSources[7].rate | B81: ='Sources of Funds Worksheet'!E14 -> 0 | D81: Housing
A82: fundsSources[7].term | B82: ='Sources of Funds Worksheet'!U14 -> 0 | D82: Housing
A83: fundsSources[7].isApproved | B83: ='Sources of Funds Worksheet'!T14 -> N | D83: Housing
A84: fundsSources[7].housingCommercial | B84: Housing | D84: Housing
A85: fundsSources[7].amortPeriod | B85: ='Sources of Funds Worksheet'!V14 -> 0 | D85: Housing
A86: fundsSources[7].annualDebtSvc | B86: ='Sources of Funds Worksheet'!K14 | D86: Housing
A87: fundsSources[7].hardDebt | B87: ='Sources of Funds Worksheet'!P14 | D87: Housing
A88: fundsSources[7].rownum | B88: 8 | F88: numeric field
A89: fundsSources[8].description | B89: ='Sources of Funds Worksheet'!A18 -> 0 | D89: Housing
A90: fundsSources[8].descriptionCode.code | B90: ='Sources of Funds Worksheet'!S18 -> NA | D90: Housing
A91: fundsSources[8].amount | B91: ='Sources of Funds Worksheet'!D18 -> 0 | D91: Housing
A92: fundsSources[8].rate | B92: ='Sources of Funds Worksheet'!E18 -> 0 | D92: Housing
A93: fundsSources[8].term | B93: ='Sources of Funds Worksheet'!U18 -> 0 | D93: Housing
A94: fundsSources[8].isApproved | B94: ='Sources of Funds Worksheet'!T18 -> N | D94: Housing
A95: fundsSources[8].housingCommercial | B95: Housing | D95: Housing
A96: fundsSources[8].amortPeriod | B96: ='Sources of Funds Worksheet'!V18 -> 0 | D96: Housing
A97: fundsSources[8].annualDebtSvc | B97: ='Sources of Funds Worksheet'!K18 | D97: Housing
A98: fundsSources[8].hardDebt | B98: ='Sources of Funds Worksheet'!P18 | D98: Housing
A99: fundsSources[8].rownum | B99: 9
A100: fundsSources[9].description | B100: ='Sources of Funds Worksheet'!A19 -> 0 | D100: Housing
...

Sheet Counties
B3: Maricopa Co, Arizona
B4: Pima Co, Arizona
B5: Crawford Co, Arkansas
B6: Van Buren Co, Arkansas
B7: Los Angeles Co, California
B8: Adams Co, Colorado
B9: Alamosa Co, Colorado
B10: Arapahoe Co, Colorado
B11: Archuleta Co, Colorado
B12: Baca Co, Colorado
B13: Bent Co, Colorado
B14: Boulder Co, Colorado
... B366: Other County/State

Sheet Revisions
A1: Date | B1: Tab | C1: Update/Issue | D1: Explanation
A2: 2016 | B2: Sources of Funds | C2: Conditional Formatting and Data Validation to limit AHP Subsidy to $500,000 | D2: 2016 Implementation Plan reduced maximum subsidy from $750,000 to $500,000
B3: Development Budget | C3: Changed "Permanent Loan Origination Fee" to "Permanent Loan Fees" | D3: This field is used to determine if loan fees on the development budget are consistent with the sources of funds. Changing the name should decrease the likelihood of loan fees being listed elsewhere.
B4: Development Budget | C4: Added conditional formatting to flag land improvement costs if New Construction and Land Improvement subtotal is $0. | D4: Makes the workbook more user friendly and assists with cost reasonableness review.
B5: Development Budget | C5: Removed the conditional formatting to make the Non-Residential column inaccessible if Non-Residential costs are not supported by bids. | D5: There are instances where a pro ration is not applicable, and the applicant would need the ability to override the non-residential costs.
B6: Feasibility Analysis Worksheet | C6: Updated the formula in cell B9 to eliminate the #NUM error. | D6: Makes the workbook more accurate.
B7: Feasibility Analysis Worksheet | C7: Added rows in the "Issues" table to indicate what tab the following issues pertain to. | D7: This update makes the workbook more user friendly and helps the user more easily identify what is causing the issue.
B8: Feasibility Analysis Worksheet | C8: Removed the "Staff Review" column | D8: The reviews are completed and approved electronically for all steps of the Project's lifecycle so it is no longer necessary.
B9: Feasibility Analysis Worksheet | C9: Updated the loan interest rate guidelines. | D9: Received email 2/26/16 from Bobbi Shinn with the CHP rates effective on that day.
B10: Fee Analysis Worksheet | C10: Conditional Formatting to identify Contractor Fees above Guideline | D10: Developer Fee above guideline is identified by red. This will be consistent.
B11: Fee Analysis Worksheet | C11: Updated calculations for each state that changed guidelines from previous year. | D11: The AHP guidelines are based on the state's current QAP.
B12: Fee Analysis Worksheet | C12: Updated Calculations for each state to remove non-residential costs from calculation | D12: Eligible basis is reduced by the non-residential costs so the developer fee should only look at residential costs.
B13: Fee Analysis Worksheet | C13: Added rows in the developer fee section for maximum dollar amount of developer fees and allowed a comparison of consultant fees. | D13: The Kansas QAP has a dollar amount per unit allowance this year, and the FW did not previously calculate that. Kansas also has a separate allowance for consultant fees so the worksheet now calculates that separately.
B14: New Construction Site Work | C14: Added a table to capture site costs and compare it to the development budget. | D14: Assists with the cost reasonableness review.
... B24: Rental Project Worksheet | C24: Updated formulas and name ranges to incorporate 2016 income limits. | D24: 2016 Income Limits became available 3/28/2016.
A25: 2017 | B25: Sources of Funds | C25: Removed "Term" from Construction Sources | D25: The term of the construction financing is variable, and can change due to changes to the construction timeline.
B26: Sources of Funds | C26: Added column to select the source type | D26: The automated system requires this information.
B27: Project Information | C27: Added a question about number of months to lease up. | D27: Absorption Rate is used in the automated system.
B28: Development Budget | C28: Changed the name and/or location of costs. Added some new costs. | D28: Made the costs more consistent with the other FHLBs with the automated system. Included costs that several applicants wrote in as other (ie Marketing).
B29: Project Characteristics | C29: Added questions to the top of the worksheet. | D29: Questions are necessary for upload for the automated system.
B30: RBA Data | C30: Reflected changes made to workbook. | D30: Will be used to input data into the RBA and changes were made to the workbook, requiring changes.
B31: Sources of Funds | C31: Updated maximum AHP Subsidy allowed to $750,000 | D31: The maximum guideline changed from 2016
B32: Income Limits | C32: Added 2017 Income Limits in column AD. | D32: 2017 Income Limits became available 4/14/2017.
B33: Rental Project Worksheet | C33: Updated formulas and name ranges to incorporate 2017 income limits. | D33: 2017 Income Limits became available 4/14/2017.
B34: Project Information | C34: Added item to determine if project is occupied | D34: Occupied projects need to fill out RPR, and are prompted to do so. A link to the AHP forms website is also added.
B35: Fee Analysis Worksheet | C35: Updated calculations for each state that changed guidelines from previous year. | D35: The AHP guidelines are based on the state's current QAP.
B36: Feasibility Analysis Worksheet | C36: Updated the loan interest rate guidelines. | D36: Received email 4/19/2017 from Bobbi Shinn with the CHP rates effective on that day.
B37: Sources of Funds | C37: Conditional Formatting and Data Validation to limit AHP Subsidy to $750,000 | D37: 2017 Implementation Plan increased maximum subsidy from $500,000 to $750,000
A38: 2018 | B38: Fee Analysis Worksheet | C38: Removed Ineligible Legal Fees from Developer Fee calculation. | D38: The ineligible legal fees were inadvertently included in the calculation.
B39: Fee Analysis Worksheet | C39: Removed Accessory Structure from hard cost calculation. | D39: Accessory Structure is no longer a line item in the development budget.
B40: Feasibility Analysis Worksheet | C40: Updated the interest rate guidelines. | D40: CHP Rates as of 4/24/2018.
B41: Sources of Funds | C41: Conditional Formatting and Data Validation to limit AHP Subsidy per Unit to $40,000. | D41: 2018 Implementation Plan increased maximum subsidy from $30,000 to $40,000
B42: Sources of Funds | C42: Updated the total annual debt service to only include P&I and Interest Only payments. | D42: Deferred and cash flow payments should not be included in the annual debt service total.
B43: New Construction Site Work | C43: Changed the tab name to Site Work Cost | D43: The previous name implied that rehab projects do not need to complete, which is inaccurate.
B44: Download | C44: Updated the description codes for non-residential sources | D44: AHP Online had an error during the 2017 round, and CEI determined if the description codes were updated, the error would not reoccur in future rounds.
B45: Download | C45: Updated the round and version numbers | D45: Annual updates to work in AHP Online.
B46: Housing Pro Forma | C46: Updated the formula for Deferred Developer Repay to reduce the Secondary Cash Flow payment amount. | D46: The previous version allowed cash flow to be negative because the Deferred Developer Repay calculation did not reduce by the Secondary Cash Flow payment amount.
B47: Income Limits | C47: Added 2018 Income Limits in column AE. | D47: 2018 Income Limits became available 4/1/2018.
B48: Income Limits | C48: Added Dallas County, TX | D48: 2017 project was awarded from Dallas Co, TX
B49: Rental Project Worksheet | C49: Updated formulas and name ranges to incorporate 2018 income limits. | D49: 2018 Income Limits became available 4/1/2018.
B50: RBA Data | C50: Updated formula to include current interest rate guideline where indicated. | D50: CHP Rate as of 4/24/2018.
... B52: Feasibility Analysis Worksheet | C52: Updated the interest rates in the "If" formula to generate the error message correctly. | D52: The interest rates were not updated in the calculation, and the error displayed with interest rates that were within the 2018 guideline but greater than the 2017 guideline.
A53: 2019 | B53: Sources of Funds Worksheet | C53: Copied the formulas in lines 18 through 20 in columns K and L. | D53: The referenced cells did not include a formula, and the payment was not transferred to the housing pro forma.
B54: Sources of Funds Worksheet | C54: Conditional Formatting and Data Validation to limit AHP Subsidy per Unit to $50,000. | D54: 2019 Implementation Plan increased maximum subsidy from $40,000 to $50,000
B55: Sources of Funds Worksheet | C55: Conditional Formatting and Data Validation to limit AHP Subsidy to $1,000,000 | D55: 2019 Implementation Plan increased maximum subsidy from $750,000 to $1,000,000
B56: Feasibility Analysis Worksheet | C56: Updated the SPU Guideline to $50,000 | D56: 2019 Implementation Plan increased maximum SPU from $40,000 to $50,000
B57: Feasibility Analysis Worksheet | C57: Updated the Capitalized Operating Reserves Guideline to 12 months | D57: 2019 Implementation Plan increased maximum capitalized operating reserves from 9 months to 12 months
B58: Feasibility Analysis Worksheet | C58: Updated the maximum operating costs per unit per year to $6,000 | D58: 2019 Implementation Plan increased the maximum operating costs from $5,000 to $6,000 per unit per year.
B59: Housing Pro Forma | C59: Updated the conditional formatting and comment in cell D44 to a maximum of $6,000. | D59: 2019 Implementation Plan increased the maximum operating costs from $5,000 to $6,000 per unit per year.
B60: Fee Analysis Worksheet | C60: Updated the Nebraska Adjusted Eligible Basis to remove the calculation to limit the Adjusted Eligible Basis to $125 per sq ft. | D60: The 2019 Nebraska QAP removed the $125 per sq ft maximum.
B61: Feasibility Analysis Worksheet | C61: Updated the guidelines relating to interest rates and formatting. | D61: CHP Rate as of 3/26/19.
B62: RBA Data | C62: Updated formula to include current interest rate guideline where indicated. | D62: CHP Rate as of 3/26/19.
B63: Feasibility Analysis Worksheet | C63: Updated the formula for Permanent Loan Interest Rate to return only the interest rate for P&I Payments and Interest Only loans. | D63: The IP guideline excludes payments made from cash flow.
B64: Services Pro Forma | C64: Updated the calculation in the Cash Flow Line Item. | D64: The previous calculation was not reducing the debt service payments.
B65: Feasibility Analysis Worksheet | C65: Updated the actual interest rates to show 3 decimal places. | D65: Updated to match the formatting in the guideline column.
B66: 05/01/2019 Updates
B67: Income Limits | C67: Added 2019 Income Limits in column AF. | D67: 2019 Income Limits became available 4/24/2019.
B68: Income Limits | C68: Added Boyd County, KY | D68: 2018 project was approved as an alternate from Boyd County, KY.
B69: Project Information | C69: Added Data Validation to limit input in Months to Lease up to Whole Numbers | D69: AHP Online requires the field to have a number with no text or the feasibility workbook may not upload
A70: 43966 | B70: Income Limits | C70: Added 2020 Income Limits in column AG. | D70: 2020 Income Limits became available 4/07/2020
B71: Sources of Funds Worksheet | C71: Conditional Formatting and Data Validation to limit AHP Subsidy to $750,000 | D71: 2020 Implementation Plan decreased maximum subsidy from $1,000,000 to $750,000.
B72: Feasibility Analysis Worksheet | C72: Updated the guidelines relating to interest rates and formatting. | D72: CHP Rate as of 5/5/2020.
B73: RBA Data | C73: Updated formula to include current interest rate guideline where indicated. | D73: CHP Rate as of 5/5/2020.
B74: Housing Pro Forma | C74: Row 52 formulas to have consistent structure and references | D74: Addresses RiskSpan report finding.
B75: Sources of Funds Worksheet | C75: Celll S12 updated to reflect correct Description Code | D75: Commitment Letter Description in AHP Online was displaying incorrect description for Owner Equity
B76: Feasibility Analysis Worksheet | C76: Download Tab - Update the referenced cells in B464 to update the maximum operating costs guideline | D76: Updated cell L9 in Feasibility Analysis Worksheet to reflect max OPEX guideline of $6,000 PUPA
B77: Fee Analysis Worksheet | C77: Developer Fee calculation for CO does not subtract out non-residential dev fee. | D77: Colorado costs uses total project costs in determining developer fee calculation, and therefore the full dev fee needs to be used.
B78: Source of Funds | C78: Updated data validation comments in column C | D78: Sources of funds tab - remove data validation comment in all lines where it indicates interest should be included on the development budget - except construction
B79: Fee Analysis Worksheet | C79: Updated cell reference in cell J39 . | D79: Fee Analysis Worksheet - Make sure developer fees do not include legal fees
B80: Site Work Cost, Rehab Scope of Work, and Detailed Rehab costs | C80: All threes tabs deleted | D80: Construction pages - Site work and rehab scope of work and cost tabs - should no longer be included in the application FW because they are not utilized by CCR reviewers
B81: Development Budget | C81: Rental FW Development Budget calculation for formula cell U126 needs to be changed to total development cost per unit, instead of residential cost per unit. The board reports header is ambiguious when non-residentail costs were included and this is the fix instead of updating AHP Online. Download Tab, cell D331 was also updated to say Total Development Cost per unit instead of residential. | D81: Updated formula removes ambiguity in the Board Report.
A82: 44265 | B82: Rental Project Worksheet | C82: Comment in cell A9 and text in A9 were updated to remove reference to HUD. | D82: Transitioned to USDA limits
B83: Rental Project Worksheet | C83: Website in the comment in cell H7 was updated to remove reference to HUD. | D83: Transitioned to USDA limits
B84: Development Budget Worksheet | C84: Added row 45 and updated titles in cells A41:A45 | D84: Extra detail is needed to update fee calculations.
B85: Fee Analysis Worksheet | C85: Added calculations in cells J59:J61 to align developer fee calculation with CO's QAP | D85: Overages in Contractor fees are factored into the Colorado developer fee calculation.
B86: Fee Analysis Worksheet | C86: Revised calculations in columns J-P, row 16 to align closer to QAPs | D86: Calculations in row 16 now include only contractor related costs for new construction and Rehab work.
B87: Project Information | C87: Conditional text in cell D10 edited to remove references to non-existent tabs. | D87: Tabs that were referenced are no longer a part of the workbook.
B88: USDA Income Limits | C88: Tab was created to hold the 50% and 80% USDA AMI limits for both a 1-4 and a 5-8 person household size for each county. | D88: A new calculation method was determined necessary to correctly calculate USDA AMI.
B89: Rental Project Worksheet | C89: The formulas in the Household Size AMI Limit table were updated to follow the new method for calculating USDA limits using both the 50% and 80% AMI limit in years 2021 and after. | D89: A new calculation method was determined necessary to correctly calculate USDA AMI.
B90: Project Information | C90: Cell D9 was updated to tell the member to contact HCD if "Other" is selected for the County name. | D90: Due to the change in calculation method, HCD determined it necessary to have the project contact HCD if their project is in one of the counties not currently specified so it can be added to the workbook.
B91: Revisions | C91: Updated formating, deleted testing column, and renamed tab | D91: Changes made to make the tab consistent with other forms.
A92: 44351 | B92: GT_Custom, Compatibility Report, Module 1, and Module 2 | C92: Deleted | D92: These tabs were not used for any purpose. They were deleted to help clean up the Spreadsheet.
B93: Project Characteristics | C93: Deleted | D93: Tab is no longer needed. Important data collection fields are moved to Project Information
B94: Project Information | C94: Table in G8:K17 and Formulas in columns M & N added | D94: Table and formulas includes information that used to be on the Project Characteristics tab.
B95: Fee Analysis Worksheet | C95: Deleted | D95: This tab is no longer needed. Update guidelines in 2021 IP means contractor fees and developer fee calculations are moved to Feasibility Analysis Worksheet.
B96: Feasibility Analysis Worksheet | C96: Updated the guidelines relating to interest rates and formatting. | D96: CHP Rate as of 5/14/2021.
B97: RBA Data | C97: Updated formula to include current interest rate guideline where indicated. | D97: CHP Rate as of 5/14/2021.
B98: Feasibility Analysis Worksheet | C98: Rows 22 and 23 were inserted for contractor fees and developer fee calculations | D98: Update guidelines in 2021 IP means contractor fees and developer fee calculations are moved to Feasibility Analysis Worksheet.
B99: Download | C99: Updated the round to 2021A in cell B459 | D99: Annual update to work in AHP Online.
B100: USDA Income Limits | C100: Updated for 2021 incomes | D100: 2021 USDA limits were released.
B101: Development Budget Worksheet | C101: Removed Formating in Cell E9 and Note in E10. | D101: The formula was deleted in E9 and formatting is not longer needed. The note in E10 is no longer applicable.
B102: Project Information | C102: Cell E13 formula updated to change link to TIW | D102: Updated formula is easier to format.
B103: Services Pro Forma | C103: Updated Conditional formatting so that entire form is blank when the FW is first opened and no data is entered. | D103: Conditional formatting was not working as intended prior to revision.
B104: Project Information | C104: Updated formatting and text in cell D17 | D104: Previous text indicated a requirement to have bids by August 1st, which doesn't make sense given the 2021 funding round.
... B106: Development Budget Worksheet | C106: Updated formulas in column E to use non-residential calculations in column I. | D106: Old formula used column D, which isn't always populated and thus the residential costs in column E were not always accurate.
A107: 44361 | B107: Download | C107: Cell B309 was updated so the formula pulled the correct information from the Project Information tab. | D107: Before the update, the cell was formated as "Text", which causes updates to the formula to not work. Excel displayed the formula instead of calculating it. After the update, the cell is still formatted as Text, but the formula is working as intended.
B108: Project Information | C108: Cell M21 formula updated to pull total units from Rental Project Worksheet tab. | D108: Old formula referenced incorrect cell in the RPW.
B109: Download | C109: Updated Version number in B461 and B466 to "2" | D109: This is the second revision of the application workbook.
A110: 44372 | B110: USDA Income Limits | C110: Updated 2021 income limits | D110: Before the update, the cell was formated as "Text", which causes updates to the formula to not work. Excel displayed the formula instead of calculating it. After the update, the cell is still formatted as Text, but the formula is working as intended.
B111: Sources of Funds Worksheet | C111: Formulas in cells P8:P22, N25, and O25 were updated to remove so that they did not use formulas that are not supported in older versions of Excel | D111: The Ifs formula in P8:P22 and the "Maxifs" forumal in N25 and O25 are not suppported in older versions of Excel. Replaced the Ifs statements with nested if statements and the Maxifs with a Max statement that contains an If statement.
...

Sheet RBA Data
A1: Identifier
A2: Name | B2: ='Project Information'!B5 -> 0
A3: Type | B3: Rental
A4: Project Type | B4: ='Project Information'!B8 -> 0
A5: Use Type | B5: ='Project Information'!B9 -> 0
A6: State | B6: ='Project Information'!B7
A7: Total Units | B7: ='Project Information'!F15 -> 0
A8: Closing Costs | B8: =IF('Development Budget Worksheet'!E10=0,"",'Development Budget Worksheet'!E10)
A9: Legal Fees | B9: =IF('Development Budget Worksheet'!E11=0,"",'Development Budget Worksheet'!E11)
A10: Title, Recording and Escrow Fees | B10: =IF('Development Budget Worksheet'!E12=0,"",'Development Budget Worksheet'!E12)
A11: Earthwork - Site Grading, Clearing | B11: =IF('Development Budget Worksheet'!E17=0,"",'Development Budget Worksheet'!E17)
A12: Demolition | B12: =IF('Development Budget Worksheet'!E18=0,"",'Development Budget Worksheet'!E18)
A13: Off-Site Improvements | B13: =IF('Development Budget Worksheet'!E19=0,"",'Development Budget Worksheet'!E19)
A14: Site Environmental | B14: =IF('Development Budget Worksheet'!E20=0,"",'Development Budget Worksheet'!E20)
A15: Site Utilities | B15: =IF('Development Budget Worksheet'!E21=0,"",'Development Budget Worksheet'!E21)
A16: Roads and Walks | B16: =IF('Development Budget Worksheet'!E22=0,"",'Development Budget Worksheet'!E22)
A17: Site Improvements | B17: =IF('Development Budget Worksheet'!E23=0,"",'Development Budget Worksheet'!E23)
A18: Lawns and Planting | B18: =IF('Development Budget Worksheet'!E24=0,"",'Development Budget Worksheet'!E24)
A19: Unusual Site Conditions | B19: =IF('Development Budget Worksheet'!E25=0,"",'Development Budget Worksheet'!E25)
A20: Local Permit Fees | B20: =IF('Development Budget Worksheet'!E37=0,"",'Development Budget Worksheet'!E37)
A21: Tap Permit Fees | B21: =IF('Development Budget Worksheet'!E38=0,"",'Development Budget Worksheet'!E38)
A22: Furniture, Fixtures, and Equipment (FF&E) | B22: =IF('Development Budget Worksheet'!E39=0,"",'Development Budget Worksheet'!E39)
A23: Architect Fees | B23: =IF('Development Budget Worksheet'!E45=0,"",'Development Budget Worksheet'!E45)
A24: Environmental | B24: =IF('Development Budget Worksheet'!E46=0,"",'Development Budget Worksheet'!E46)
A25: Legal Fees - Eligible | B25: =IF('Development Budget Worksheet'!E47=0,"",'Development Budget Worksheet'!E47)
A26: Legal Fees - Ineligible | B26: =IF('Development Budget Worksheet'!E48=0,"",'Development Budget Worksheet'!E48)
A27: Historic Consultant Fee | B27: =IF('Development Budget Worksheet'!E49=0,"",'Development Budget Worksheet'!E49)
A28: Engineering | B28: =IF('Development Budget Worksheet'!E50=0,"",'Development Budget Worksheet'!E50)
A29: Surveying | B29: =IF('Development Budget Worksheet'!E51=0,"",'Development Budget Worksheet'!E51)
A30: Hazard/Risk/Liability Insurance | B30: =IF('Development Budget Worksheet'!E56=0,"",'Development Budget Worksheet'!E56)
A31: Construction Bond Premium | B31: =IF('Development Budget Worksheet'!E57=0,"",'Development Budget Worksheet'!E57)
A32: Performance Bond | B32: =IF('Development Budget Worksheet'!E58=0,"",'Development Budget Worksheet'!E58)
A33: Credit Report | B33: =IF('Development Budget Worksheet'!E59=0,"",'Development Budget Worksheet'!E59)
A34: Construction Loan Interest | B34: =IF('Development Budget Worksheet'!E60=0,"",'Development Budget Worksheet'!E60)
A35: Discount Points | B35: =IF('Development Budget Worksheet'!E62=0,"",'Development Budget Worksheet'!E62)
A36: Credit Enhancement Fee | B36: =IF('Development Budget Worksheet'!E63=0,"",'Development Budget Worksheet'!E63)
A37: Inspection Fees | B37: =IF('Development Budget Worksheet'!E64=0,"",'Development Budget Worksheet'!E64)
A38: Title, Recording and Escrow Fees | B38: =IF('Development Budget Worksheet'!E65=0,"",'Development Budget Worksheet'!E65)
A39: Security | B39: =IF('Development Budget Worksheet'!E66=0,"",'Development Budget Worksheet'!E66)
A40: Real Estate Taxes | B40: =IF('Development Budget Worksheet'!E67=0,"",'Development Budget Worksheet'!E67)
A41: Bond Premium | B41: =IF('Development Budget Worksheet'!E72=0,"",'Development Budget Worksheet'!E72)
A42: Bond Issue Reserve/Bond Issuance | B42: =IF('Development Budget Worksheet'!E73=0,"",'Development Budget Worksheet'!E73)
A43: Credit Report | B43: =IF('Development Budget Worksheet'!E74=0,"",'Development Budget Worksheet'!E74)
A44: Discount Points | B44: =IF('Development Budget Worksheet'!E75=0,"",'Development Budget Worksheet'!E75)
A45: Permanent Loan Credit Enhancement | B45: =IF('Development Budget Worksheet'!E77=0,"",'Development Budget Worksheet'!E77)
A46: Title, Recording and Escrow Fees | B46: =IF('Development Budget Worksheet'!E78=0,"",'Development Budget Worksheet'!E78)
A47: Prepaid Mortgage Insurance Premium | B47: =IF('Development Budget Worksheet'!E79=0,"",'Development Budget Worksheet'!E79)
A48: Market/Feasibility Study | B48: =IF('Development Budget Worksheet'!E84=0,"",'Development Budget Worksheet'!E84)
A49: Environmental Study | B49: =IF('Development Budget Worksheet'!E85=0,"",'Development Budget Worksheet'!E85)
A50: Tax Credit Fees | B50: =IF('Development Budget Worksheet'!E86=0,"",'Development Budget Worksheet'!E86)
A51: Compliance Fees | B51: =IF('Development Budget Worksheet'!E87=0,"",'Development Budget Worksheet'!E87)
A52: Cost Certification | B52: =IF('Development Budget Worksheet'!E88=0,"",'Development Budget Worksheet'!E88)
A53: Appraisal | B53: =IF('Development Budget Worksheet'!E90=0,"",'Development Budget Worksheet'!E90)
A54: Relocation Costs | B54: =IF('Development Budget Worksheet'!E91=0,"",'Development Budget Worksheet'!E91)
A55: Marketing | B55: =IF('Development Budget Worksheet'!E92=0,"",'Development Budget Worksheet'!E92)
A56: Organization Costs | B56: =IF('Development Budget Worksheet'!E97=0,"",'Development Budget Worksheet'!E97)
A57: Bridge Loan Expenses | B57: =IF('Development Budget Worksheet'!E98=0,"",'Development Budget Worksheet'!E98)
A58: Legal Fees | B58: =IF('Development Budget Worksheet'!E99=0,"",'Development Budget Worksheet'!E99)
A59: Tax Opinion | B59: =IF('Development Budget Worksheet'!E100=0,"",'Development Budget Worksheet'!E100)
A60: Rent Up Reserves | B60: =IF('Development Budget Worksheet'!E111=0,"",'Development Budget Worksheet'!E111)
A61: Debt Service Reserve | B61: =IF('Development Budget Worksheet'!E114=0,"",'Development Budget Worksheet'!E114)
A62: Rental Assistance Reserves | B62: =IF('Development Budget Worksheet'!E115=0,"",'Development Budget Worksheet'!E115)
A63: Supportive Service | B63: ='Services Pro Forma'!D9 -> 0
A64: Legal | B64: =IF('Housing Pro Forma'!E23=0,"",'Housing Pro Forma'!E23)
A65: Advertising | B65: =IF('Housing Pro Forma'!E24=0,"",'Housing Pro Forma'!E24)
A66: Gas & Electric | B66: =IF('Housing Pro Forma'!E25=0,"",'Housing Pro Forma'!E25)
A67: Tenants Pay Gas & Electricity | B67: =IF('Housing Pro Forma'!I5=0,"",'Housing Pro Forma'!I5)
A68: Water & Sewer | B68: =IF('Housing Pro Forma'!E26=0,"",'Housing Pro Forma'!E26)
A69: Tenants Pay Water/Sewer | B69: =IF('Housing Pro Forma'!I6=0,"",'Housing Pro Forma'!I6)
A70: Supplies | B70: =IF('Housing Pro Forma'!E27=0,"",'Housing Pro Forma'!E27)
A71: Payroll | B71: =IF('Housing Pro Forma'!E28=0,"",'Housing Pro Forma'!E28)
A72: Waste Removal | B72: =IF('Housing Pro Forma'!E29=0,"",'Housing Pro Forma'!E29)
A73: Accounting | B73: =IF('Housing Pro Forma'!E30=0,"",'Housing Pro Forma'!E30)
A74: Audit | B74: =IF('Housing Pro Forma'!E31=0,"",'Housing Pro Forma'!E31)
A75: Maintenance/Repair | B75: =IF('Housing Pro Forma'!E32=0,"",'Housing Pro Forma'!E32)
A76: Grounds & Decorating | B76: =IF('Housing Pro Forma'!E33=0,"",'Housing Pro Forma'!E33)
A77: Insurance | B77: =IF('Housing Pro Forma'!E34=0,"",'Housing Pro Forma'!E34)
A78: LIHTC Fees | B78: =IF('Housing Pro Forma'!E35=0,"",'Housing Pro Forma'!E35)
A79: Elevator Maintenance | B79: =IF('Housing Pro Forma'!E36=0,"",'Housing Pro Forma'!E36)
A80: Snow Removal | B80: =IF('Housing Pro Forma'!E37=0,"",'Housing Pro Forma'!E37)
A81: Security | B81: =IF('Housing Pro Forma'!E38=0,"",'Housing Pro Forma'!E38)
... A83: Telephone/Internet | B83: =IF('Housing Pro Forma'!E40=0,"",'Housing Pro Forma'!E40)
A84: Real Estate Taxes | B84: =IF('Housing Pro Forma'!E43=0,"",'Housing Pro Forma'!E43)
A85: Local & State Assessments | B85: =IF('Housing Pro Forma'!E44=0,"",'Housing Pro Forma'!E44)
A86: Total Opex | B86: ='Housing Pro Forma'!E46 -> 0
A87: OPEX Per Unit | B87: ='Housing Pro Forma'!D46
